 Dungeon Crawl Stone Soup version 0.31-a0-1308-ga3cce3a448 (webtiles) character file.

Game seed: 7120692059630298188

1766908 MackTheKnife the Slayer (level 25, 225/225 HPs)
             Began as an Armataur Necromancer on Dec 18, 2023.
             Was the Champion of Ashenzari.
             Escaped with the Orb
             ... and 3 runes on Dec 19, 2023!
             The game lasted 01:55:52 (59845 turns).

MackTheKnife the Slayer (Armataur Necromancer)     Turns: 59845, Time: 01:55:53

Health: 225/225    AC: 62    Str: 31    XL:     25   Next: 52%
Magic:  35/35      EV: 11    Int: 22    God:    Ashenzari [******]
Gold:   6700       SH: 38    Dex: 24    Spells: 15/40 levels left

rFire   + + +        C - +0 broad axe of Curses and Power {elec, Fly Str+9, axe, Cun, Melee} (curse)
rCold   + . .        T - +5 tower shield "Sidereal Seer" {+Blink rF+ rC- rCorr Dex+2, Fort, Comp} (curse)
rNeg    + + +        s - +12 crystal plate armour "Prescient Doubts" {*Corrode rF+ rC+ rN++, rare=g, Comp, Melee} (curse)
rPois   +            K - +2 hat "Share My Stickiness" {Will+, Comp, Bglg} (curse)
rElec   +            b - +2 cloak of the Lashed Empyrean {Will+, Melee, Comp} (curse)
rCorr   +            j - +0 pair of gloves of Cremastomancy {rF+ Int+3, Dev, Comp} (curse)
SInv    +            E - +4 barding of the Lashed Stoicism {Fort, Self} (curse)
Will    +++..        B - amulet of Cremastomancy {Reflect rN++ Int+4 SH+5, Melee, Fort} (curse) Stlth
                     R - ring of Ashenzari's Prison {rPois rC+ Dex+3, Comp, Fort} (curse)
HPRegen 0.57/turn    q - ring "Overhang to Understand" {rElec rN+ Dex+4, Fort, Elem} (curse)
MPRegen 0.24/turn

%: corrode self (3%), reflection, clarity, roll
@: flying
A: large, deformed body, tough skin 3, armoured tail, roll 2, long tongue,
iridescent scales 1
0: Orb of Zot
}: 3/15 runes: barnacled, silver, gossamer
a: Renounce Religion, Evoke Blink, Shatter the Chains


You escaped.
You worshipped Ashenzari.
Ashenzari was exalted by your worship.
You visited 10 branches of the dungeon, and saw 48 of its levels.
You visited 3 bazaars.
You also visited: Gauntlet, Ice Cave and Wizlab.

You collected 10377 gold pieces.
You spent 3677 gold pieces at shops.


Innate Abilities, Weirdness & Mutations

Armour fits poorly on your strangely shaped body.
You have extremely tough skin. (AC +3)
You have a long armoured tail.
You regenerate magic and health when rolling toward enemies. (Rampage Regen)
Your long tongue fully drains potion bottles. (2x potion effects)
You are partially covered in iridescent scales. (AC +2)


   Skills:
 - Level 22.5(24.6) Fighting
 - Level 9.4(15.1) Long Blades
 + Level 18.1(23.5) Axes
 - Level 22.2(27) Armour
 - Level 9.5(12.0) Dodging
 - Level 2.1(4.0) Stealth
 - Level 21.6(27) Shields
 - Level 6.0(8.4) Spellcasting
 - Level 11.3(18.8) Necromancy
 - Level 4.0 Transmutations
 - Level 4.6(7.0) Earth Magic
 - Level 7.8(10.3) Evocations


You had 15 spell levels left.
You knew the following spells:

 Your Spells              Type           Power      Damage    Failure   Level
a - Necrotise             Necr           100%       1d9       0%          1
b - Vampiric Draining     Necr           75%        2d11      1%          3
c - Borgnjor's Vile Clut  Necr/Erth      30%        N/A       4%          5
d - Death Channel         Necr           37%        N/A       2%          6
e - Dispel Undead         Necr           75%        3d25      1%          4
f - Wereblood             Tmut           26%        N/A       11%         2
A - Animate Dead          Necr           75%        N/A       1%          4

Your spell library contained the following spells:

 Spells                   Type           Power      Damage    Failure   Level
 Sandblast                Erth           80%        2d17      1%          1
 Sublimation of Blood     Necr           75%        N/A       1%          2
 Agony                    Necr           75%        N/A       1%          5
 Cigotuvi's Dreadful Rot  Necr/Pois/Air  74%        N/A       3%          2
 Passwall                 Tmut/Erth      27%        N/A       5%          2
 Anguish                  Hex/Necr       25%        N/A       7%          4
 Sting                    Tmut/Pois      72%        1d6       16%         1
 Summon Small Mammal      Summ           56%        N/A       22%         1
 Stone Arrow              Conj/Erth      50%        3d10      24%         3
 Apportation              Tloc           20%        N/A       30%         1
 Foxfire                  Conj/Fire      40%        2x1d6     30%         1
 Magic Dart               Conj           40%        1d5       30%         1
 Shock                    Conj/Air       40%        1d5       30%         1
 Slow                     Hex            40%        N/A       30%         1
 Call Imp                 Summ           28%        N/A       34%         2
 Leda's Liquefaction      Tmut/Erth      16%        N/A       36%         4
 Blink                    Tloc           20%        N/A       43%         2
 Ensorcelled Hibernation  Hex/Ice        20%        N/A       43%         2
 Jinxbite                 Hex            20%        N/A       43%         2
 Lesser Beckoning         Tloc           20%        N/A       43%         2
 Momentum Strike          Conj/Tloc      20%        3d8       43%         2
 Poisonous Vapours        Pois/Air       20%        N/A       45%         2
 Lee's Rapid Deconstruct  Erth           20%        3d12*     50%         5
 Ignite Poison            Fire/Tmut/Pois 15%        N/A       52%         3
 Animate Armour           Summ/Erth      54%        N/A       54%         4
 Call Canine Familiar     Summ           14%        N/A       56%         3
 Summon Guardian Golem    Hex/Summ       12%        N/A       61%         3
 Brom's Barrelling Bould  Conj/Erth      25%        2d5       61%         4
 Confusing Touch          Hex            10%        N/A       67%         3
 Dazzling Flash           Conj/Hex       20%        N/A       67%         3
 Inner Flame              Hex/Fire       10%        N/A       67%         3
 Ozocubu's Armour         Ice            10%        N/A       67%         3
 Sigil of Binding         Hex            10%        N/A       67%         3
 Swiftness                Air            10%        N/A       67%         3
 Tukima's Dance           Hex            10%        N/A       67%         3
 Volatile Blastmotes      Fire/Tloc      20%        2d11      67%         3
 Mephitic Cloud           Conj/Pois/Air  10%        N/A       69%         3
 Borgnjor's Revivificati  Necr           37%        N/A       71%         8
 Summon Lightning Spire   Summ/Air       12%        N/A       95%         4
 Airstrike                Air            5%         2d(1-17)  97%         4
 Cause Fear               Hex            5%         N/A       97%         4
 Dimensional Bullseye     Hex/Tloc       5%         N/A       97%         4
 Flame Wave               Conj/Fire      10%        2d6       97%         4
 Iskenderun's Mystic Bla  Conj/Tloc      10%        2d4       97%         4
 Manifold Assault         Tloc           10%        N/A       97%         4
 Passage of Golubria      Tloc           10%        N/A       97%         4
 Sticky Flame             Conj/Fire      10%        2d3       97%         4
 Vhi's Electric Charge    Tloc/Air       20%        N/A       97%         4
 Olgreb's Toxic Radiance  Pois           9%         N/A       98%         4
 Alistair's Intoxication  Tmut/Pois      12%        N/A       99%         5
 Irradiate                Conj/Tmut      9%         3d14      99%         5
 Haunt                    Necr/Summ      26%        N/A       99%         7
 Arcjolt                  Conj/Air       5%         1d15      100%        5
 Iskenderun's Battlesphe  Conj           10%        2d6       100%        5
 Silence                  Hex/Air        5%         N/A       100%        5
 Bombard                  Conj/Erth      12%        9d3       100%        6
 Plasma Beam              Fire/Air       5%         2x1d15    100%        6
 Starburst                Conj/Fire      5%         6d4       100%        6
 Summon Cactus Giant      Summ           7%         N/A       100%        6
 Enfeeble                 Hex            5%         N/A       100%        7
 Ozocubu's Refrigeration  Ice            5%         4d8       100%        7
 Spellforged Servitor     Conj/Summ      6%         N/A       100%        7
 Summon Hydra             Summ           7%         N/A       100%        7
 Lehudib's Crystal Spear  Conj/Erth      12%        10d4      100%        8
 Chain Lightning          Conj/Air       5%         3d6       100%        9
 Death's Door             Necr           37%        N/A       100%        9
 Fire Storm               Conj/Fire      5%         8d1       100%        9
 Shatter                  Erth           20%        3d18*     100%        9

Inventory:

Hand Weapons
 C - the cursed +0 broad axe of Curses and Power (weapon) {elec, Fly Str+9, axe, Cun, Melee}
   (You found it on level 14 of the Dungeon)

   Str+9:     It affects your strength (+9).
   Fly:       It grants you flight.
   It has a curse which improves the following skills: Cunning: Dodging and
   Stealth.
   Melee Combat: Short Blades, Long Blades, Axes, Maces & Flails, Polearms,
   Staves and Unarmed Combat.
Armour
 b - the cursed +2 cloak of the Lashed Empyrean (worn) {Will+, Melee, Comp}
   (You found it in a Gauntlet)

   Will+:     It increases your willpower.
   It has a curse which improves the following skills: Melee Combat: Short
   Blades, Long Blades, Axes, Maces & Flails, Polearms, Staves and Unarmed
   Combat.
   Companions: Summonings and Necromancy.
 j - the cursed +0 pair of gloves of Cremastomancy (worn) {rF+ Int+3, Dev, Comp}
   (You bought it in a shop on level 1 of the Dungeon)

   Int+3:     It affects your intelligence (+3).
   rF+:       It protects you from fire.
   It has a curse which improves the following skills: Devices: Evocations and
   Shapeshifting.
   Companions: Summonings and Necromancy.
 s - the cursed +12 crystal plate armour "Prescient Doubts" (worn) {*Corrode rF+ rC+ rN++, rare=g, Comp, Melee}
   (You acquired it in a bazaar)

   rF+:       It protects you from fire.
   rC+:       It protects you from cold.
   rN++:      It greatly protects you from negative energy.
   *Corrode:  It may corrode you when you take damage.
   It has a curse which improves the following skills: Companions: Summonings
   and Necromancy.
   Melee Combat: Short Blades, Long Blades, Axes, Maces & Flails, Polearms,
   Staves and Unarmed Combat.
 E - the cursed +4 barding of the Lashed Stoicism (worn) {Fort, Self}
   (You took it off a yaktaur captain on level 2 of the Vaults)

   It has a curse which improves the following skills: Fortitude: Armour and
   Shields.
   Introspection: Fighting and Spellcasting.
 K - the cursed +2 hat "Share My Stickiness" (worn) {Will+, Comp, Bglg}
   (You took it off Gastronok on level 2 of the Lair of Beasts)

   It has a curse which improves the following skills: Companions: Summonings
   and Necromancy.
   Beguiling: Conjurations, Hexes and Translocations.
 L - the +0 ring mail of Duvam {rC+ rN+ rCorr}
   (You found it on level 1 of the Realm of Zot)

   rC+:       It protects you from cold.
   rN+:       It protects you from negative energy.
   rCorr:     It protects you from acid and corrosion.
 T - the cursed +5 tower shield "Sidereal Seer" (worn) {+Blink rF+ rC- rCorr Dex+2, Fort, Comp}
   (You found it on level 4 of the Lair of Beasts)

   Dex+2:     It affects your dexterity (+2).
   rF+:       It protects you from fire.
   rC-:       It makes you vulnerable to cold.
   +Blink:    It lets you blink.
   rCorr:     It protects you from acid and corrosion.
   It has a curse which improves the following skills: Fortitude: Armour and
   Shields.
   Companions: Summonings and Necromancy.
 V - a scarf of resistance
   (You found it on level 4 of the Spider Nest)
Jewellery
 k - the ring "Ecuggoat" {rF+ rCorr AC+4 Dex-5}
   (You found it on level 5 of the Dungeon)

   [ring of protection]

   AC+4:      It affects your AC (+4).
   Dex-5:     It affects your dexterity (-5).
   rF+:       It protects you from fire.
   rCorr:     It protects you from acid and corrosion.
 n - the ring of Giudd {rF+ rN+ Str+4 Int+3 Slay-2}
   (You took it off a deep elf zephyrmancer on level 5 of the Vaults)

   [ring of protection from fire]

   Str+4:     It affects your strength (+4).
   Int+3:     It affects your intelligence (+3).
   Slay-2:    It affects your accuracy & damage with ranged weapons and melee
   (-2).
   rF+:       It protects you from fire.
   rN+:       It protects you from negative energy.
 o - the ring "Suohud" {Fire Will+ Str+2}
   (You took it off an ogre mage on level 5 of the Vaults)

   [ring of fire]

   Fire:      It enhances your fire magic.
   Str+2:     It affects your strength (+2).
   rF+:       It protects you from fire.
   rC-:       It makes you vulnerable to cold.
   Will+:     It increases your willpower.
 q - the cursed ring "Overhang to Understand" (right hand) {rElec rN+ Dex+4, Fort, Elem}
   (You bought it in a shop on level 2 of the Orcish Mines)

   [ring of positive energy]

   Dex+4:     It affects your dexterity (+4).
   rElec:     It insulates you from electricity.
   rN+:       It protects you from negative energy.
   It has a curse which improves the following skills: Fortitude: Armour and
   Shields.
   Elements:  Fire Magic, Ice Magic, Air Magic and Earth Magic.
 B - the cursed amulet of Cremastomancy (around neck) {Reflect rN++ Int+4 SH+5, Melee, Fort}
   (You bought it in a shop on level 2 of the Orcish Mines)

   [amulet of reflection]

   Reflect:   It reflects blocked missile attacks.
   Int+4:     It affects your intelligence (+4).
   rN++:      It greatly protects you from negative energy.
   SH+5:      It affects your SH (+5).
   It has a curse which improves the following skills: Melee Combat: Short
   Blades, Long Blades, Axes, Maces & Flails, Polearms, Staves and Unarmed
   Combat.
   Fortitude: Armour and Shields.
 H - an amulet of regeneration {@e2}
   (You took it off a vault warden on level 5 of the Vaults)
 J - a +4 ring of slaying
   (You took it off a deep elf annihilator on level 5 of the Vaults)
 P - the amulet of Ykkorph {Reflect rElec SH+5}
   (You took it off a deep elf high priest on level 5 of the Vaults)

   [amulet of reflection]

   Reflect:   It reflects blocked missile attacks.
   rElec:     It insulates you from electricity.
   SH+5:      It affects your SH (+5).
 R - the cursed ring of Ashenzari's Prison (left hand) {rPois rC+ Dex+3, Comp, Fort}
   (You took it off a deep elf death mage on level 3 of the Elven Halls)

   [ring of poison resistance]

   Dex+3:     It affects your dexterity (+3).
   rC+:       It protects you from cold.
   rPois:     It protects you from poison It has a curse which improves the
   following skills: Companions: Summonings and Necromancy.
   Fortitude: Armour and Shields.
Wands
 v - a wand of digging (17)
   (You found it on level 4 of the Lair of Beasts)
 M - a wand of roots (35)
   (You found it on level 3 of the Lair of Beasts)
 S - a wand of quicksilver (39)
   (You found it on level 14 of the Dungeon)
 Z - a wand of polymorph (11)
   (You found it on level 3 of the Elven Halls)
Scrolls
 e - 17 scrolls of teleportation {@r4}
 g - 2 scrolls of enchant armour
 h - a scroll of immolation {!r!r}
 l - 3 scrolls of summoning
 m - 2 scrolls of revelation
 u - 5 scrolls of poison {!r}
 x - 3 scrolls of silence {!r}
 A - 6 scrolls of vulnerability {!r!r}
 F - 7 scrolls of fear
 N - 6 scrolls of enchant weapon
 O - 6 scrolls of blinking {!r}
 Q - a scroll of brand weapon
 W - 2 scrolls of fog
Potions
 a - 5 potions of enlightenment
 c - 8 potions of ambrosia
 d - 16 potions of curing {@q1}
 f - 2 potions of berserk rage {!q}
 i - 2 potions of invisibility
 p - 9 potions of brilliance
 r - 5 potions of mutation {!q}
 t - 7 potions of resistance
 y - 6 potions of magic
 z - 3 potions of cancellation
 D - 4 potions of might
 G - 5 potions of haste {@q3}
 U - 7 potions of heal wounds {@q2}
Miscellaneous
 w - a phantom mirror
   (You found it in a Gauntlet)
 I - a sack of spiders
   (You bought it in a shop on level 2 of the Shoals)
 X - a phial of floods
   (You bought it in a shop on level 2 of the Shoals)

Dungeon Overview and Level Annotations

Branches:
Dungeon (15/15)            Temple (1/1) D:7            Lair (5/5) D:8
 Shoals (4/4) Lair:2       Spider (4/4) Lair:3        Slime (0/5) Lair:5
    Orc (2/2) D:11            Elf (3/3) Orc:2        Vaults (5/5) D:14
  Crypt (0/3) Vaults:2     Depths (4/4) D:15            Zot (5/5) Depths:4
  IceCv (visited)          WizLab (visited)         Gauntlet (visited)

Altars:
Ashenzari
Cheibriados
Dithmenos
Elyvilon
Fedhas
Gozag
Hepliaklqana
Kikubaaqudgha
Makhleb
Nemelex Xobeh
Okawaru
Qazlal
Ru
Sif Muna
Trog
Uskayaw
Vehumet
Wu Jian
Xom
Yredelemnul
Zin
The Shining One
Jiyva
Lugonu

Shops:
D:1 [   D:2 [   D:4 ?   D:14 ((?*(   Orc:2 ==[   Elf:2 *   Shoals:1 *
Shoals:2 *   Shoals:4 *   Vaults:1 (?

Portals:
Hell: Depths:1 Depths:2 Depths:3 Depths:4
Abyss: Depths:2 Depths:3
Pandemonium: Depths:2
Ziggurat: Depths:3

Annotations:
D:4 2 transporters, MrCrawl's ghost, novice DrFE
D:8 exclusion: 2 downstairs
D:9 exclusion: obsidian statue
Lair:1 exclusion: oklob plant
Lair:5 exclusion: door
Elf:1 1 runed translucent door, flestrin's ghost, adept BaSu
Elf:2 3 runed translucent doors
Depths:1 exclusion: hell hog
Depths:4 1 runed translucent door, Afra's ghost, veteran FoHs
Zot:4 exclusion: 2 upstairs

♣.PP.P♣ ♣.♣♣♣.♣♣
♣.♣P...♣♣
♣.♣♣....♣♣♣
♣.♣P.⌠....♣
♣.♣....P♣.♣
♣....♣P♣♣.♣
♣...♣♣♣♣♣.♣###
♣@.........'.#####
♣♣♣♣♣♣♣♣♣♣♣#......
#######


There were no monsters in sight!


Message History

You kill the Executioner!
You slash the demonspawn warmonger!
The demonspawn warmonger mumbles some strange prayers to its god against you.
Your magic feels more tainted.
You slice the demonspawn warmonger!! You slash the demonspawn warmonger!
Lightning courses through the demonspawn warmonger!
You block the demonspawn warmonger's attack. x2
The demonspawn warmonger closely misses you. 😕 HP[+1]
You closely miss the demonspawn warmonger.
You block the demonspawn warmonger's attack. x3
You barely miss the demonspawn warmonger.
You block the demonspawn warmonger's attack. x3
You barely miss the demonspawn warmonger. 😕 HP[+1]
You slash the demonspawn warmonger!
Lightning courses through the demonspawn warmonger!
Your tail-slap misses the demonspawn warmonger.
You block the demonspawn warmonger's attack. x3
You hit the demonspawn warmonger.
Your tail-slap misses the demonspawn warmonger.
You block the demonspawn warmonger's attack. x3
A demonspawn corrupter comes into view.
It is wielding a +2 demon trident of flaming. 😕 HP[+1]
You barely miss the demonspawn warmonger.
The demonspawn corrupter shouts!
You slash the demonspawn warmonger!
You block the demonspawn warmonger's attack. x3
You hit the demonspawn warmonger.
A demonspawn warmonger comes into view.
It is wielding a +1 demon whip of electrocution.
The demonspawn corrupter calls forth creatures from the Crypt!
You block the demonspawn warmonger's attack.
The demonspawn warmonger barely misses you.
You block the demonspawn warmonger's attack. 😕 HP[+1]
The demonspawn warmonger shouts!
You slice the demonspawn warmonger!!
You kill the demonspawn warmonger!
You closely miss the flayed ghost.
An Executioner comes into view.
Blink to where?
Press: ? - help, Dir - move target
As you read the scroll of blinking {!r}, it crumbles to dust. 😕 HP[+1]
You feel yourself speed up.
You slurp down every last drop of the potion of haste {@q3}!
The flayed ghost cries, "Suffer as I suffered!"
Terrible wounds open up all over your body!
The flayed ghost cries, "Feel what I felt!"
Terrible wounds spread across more of your body! 😮 HP[-91]
You take 91 damage, and now have 123/225 hp.
MASSIVE DAMAGE!! (PAUSE) 😮 HP[+1]
As you read the scroll of fog, it dissolves into smoke. 😮 HP[+1]
The terrible wounds on your body vanish. 😕 HP[+92]
You regained 92 hp, and now have 217/225 hp. 😕 HP[+1] 😕 HP[+1] 😕 HP[+1] 😕 HP[+1] 😕 HP[+1] 😕 HP[+1] 😕 HP[+1]
There is an escape hatch in the ceiling here. 😎 HP[+1]
Your hp is fully restored (225).
A mysterious force pulls you upwards. The hatch slams shut behind you.
What level of the Dungeon? (default 1, ? - help)
Okay, then.
You can't go up here!
Unknown command.
Unknown command.
A demonic crawler comes into view.
The demonic crawler gives a hideous shriek!
You roll towards the demonic crawler!
You barely miss the demonic crawler.
You block the demonic crawler's attack. x3
You slash the demonic crawler! You tail-slap the demonic crawler!
You slice the demonic crawler!! You tail-slap the demonic crawler.
You block the demonic crawler's attack. x3
You slice the demonic crawler like a ripe choko!!!
Lightning courses through the demonic crawler!
You kill the demonic crawler!
No target in view!
No target in view!
No target in view!
No target in view!
No target in view!
No target in view!
No target in view!
Your extra speed is starting to run out.
There is an open door here.
Your magic seems less tainted.
You feel yourself slow down.
There is a staircase leading out of the dungeon here.
Unknown command.
You have escaped!

Skill      XL: |  1  2  3  4  5  6  7  8  9 10 11 12 13 14 15 16 17 18 19 20 21 22 23 24 25 |
---------------+----------------------------------------------------------------------------+-----
Fighting       | 1 2 3 4 6 8 10 11 13 15 16 18 20 21 22 | 22.5
Necromancy     | 4 5 7 8 10 11 | 11.3
Spellcasting   | 3 6 |  6.0
Armour         | 4 7 8 14 17 19 22 | 22.2
Shields        | 5 9 15 16 17 19 21 | 21.6
Long Blades    | 6 8 9 |  9.4
Dodging        | 3 5 9 |  9.5
Earth Magic    | 2 4 |  4.6
Evocations     | 7 |  7.8
Axes           | 5 10 12 15 18 | 18.1
Transmutations | 4 |  4.0
Stealth        | |  2.1

Action                     |  1- 3 |  4- 6 |  7- 9 | 10-12 | 13-15 | 16-18 | 19-21 | 22-24 | 25-27 || total
---------------------------+-------+-------+-------+-------+-------+-------+-------+-------+-------++-------
  Melee: Dagger            |    34 |     2 |    97 |    10 |       |       |       |       |       ||   143
         Tailslap          |     2 |     6 |    27 |    53 |   234 |   313 |   398 |   473 |    48 ||  1554
         Short sword       |       |    33 |    70 |       |       |       |       |       |       ||   103
         Punch             |       |     1 |     1 |       |       |       |       |       |       ||     2
         Long sword        |       |       |     1 |   319 |  1127 |   649 |       |       |       ||  2096
         Broad axe         |       |       |       |       |       |   763 |  1627 |  1617 |   188 ||  4195
  Throw: Dart              |       |       |    11 |    13 |     1 |       |       |       |       ||    25
   Cast: Necrotise         |    67 |   104 |   124 |    16 |       |       |       |       |       ||   311
         Vampiric Draining |       |     2 |    30 |    43 |    60 |       |       |       |       ||   135
         Animate Dead      |       |       |     8 |    11 |    14 |    14 |    11 |    13 |       ||    71
         Borgnjor's Vile C |       |       |       |    21 |    51 |    24 |    12 |    22 |     2 ||   132
         Death Channel     |       |       |       |     1 |    26 |    19 |    17 |    23 |     1 ||    87
         Dispel Undead     |       |       |       |       |       |       |    12 |       |     7 ||    19
         Wereblood         |       |       |       |       |       |       |       |    13 |       ||    13
 Invoke: Curse Item        |       |       |     1 |     6 |     4 |     4 |     2 |     2 |       ||    19
         Shatter the Chain |       |       |       |       |     4 |     2 |     2 |     1 |       ||     9
  Evoke: Wand              |       |       |       |     5 |     4 |     3 |       |     3 |     1 ||    16
         Phantom mirror    |       |       |       |       |       |       |     1 |     1 |       ||     2
         Sack of spiders   |       |       |       |       |       |       |     1 |       |       ||     1
         Phial of floods   |       |       |       |       |       |       |       |     1 |       ||     1
    Use: Scroll            |       |     8 |     4 |     6 |     5 |     1 |     4 |    13 |     2 ||    43
         Potion            |       |       |     1 |       |     1 |       |     2 |     5 |    13 ||    22
   Stab: Sleeping          |     1 |       |     2 |     8 |    12 |    15 |       |       |       ||    38
         Distracted        |       |     1 |       |     3 |    15 |    30 |    14 |    34 |     4 ||   101
         Invisible         |       |       |       |       |       |       |     1 |     4 |       ||     5
 Armour: Robe              |    26 |       |       |       |       |       |       |       |       ||    26
         Leather armour    |       |    53 |   227 |   351 |    17 |       |       |       |       ||   648
         Animal skin       |       |       |       |       |   631 |   246 |       |       |       ||   877
         Crystal plate arm |       |       |       |       |       |   228 |   602 |   813 |    47 ||  1690
  Dodge: Dodged            |    17 |    30 |   146 |   177 |   379 |   163 |   115 |   203 |    21 ||  1251
  Block: Buckler           |       |       |       |    69 |   241 |       |       |       |       ||   310
         Reflection        |       |       |       |       |    22 |    91 |   112 |    36 |     1 ||   262
         Tower shield      |       |       |       |       |   655 |  1857 |  1539 |  2322 |   203 ||  6576

Levels and vault maps discovered:
D:1:      psy_arrival_fountain, layout_loops_cross, serial_shops, shop
D:2:      layout_basic, ebering_ecumenical_altar_webs, serial_shops,
          nicolae_shop_waterfront, minmay_tetromino_o4
D:3:      layout_basic, serial_park_tiny_1
D:4:      layout_basic, okawaru_metal_pillars_1_2, serial_shops, shop,
          gammafunk_ghost_arena, minmay_cut_off, uniq_edmund
D:5:      layout_loops_ring, kennysheep_mini, zin_scriptorium
D:6:      layout_loops_ring, roderic_roman_lattice, kennysheep_generic_room_2
D:7:      minmay_angry_zag, layout_rooms, nicolae_gozag_seed_capital,
          nicolae_ru_awakened_eye, temple_green, uniq_prince_ribbit1
D:8:      layout_basic, mainiacjoe_overflow_alcove_4,
          mainiacjoe_overflow_boulevard, erik_lair_island,
          nicolae_figureground_sparkle
D:9:      layout_roguey [special_room_bee], nemelex_diamond_rough_becter,
          minivault_8
D:10:     layout_cave_pools
D:11:     layout_basic, erik_orc_4, minmay_misc_feat_iff
D:12:     layout_gridville, serial_ice, serial_ice_c, serial_ice_e,
          serial_ice_g, serial_ice_k, portal_ice_cave_entry_pillars_1,
          uniq_fannar
D:13:     layout_loops_ring, grunt_ministairs_9
D:14:     layout_loops_corners, grunt_vaults_entry_tiered,
          gauntlet_entry_generic, serial_shops, shop, shop,
          nicolae_shop_crystal, nicolae_shop_trees, shop, pond
D:15:     grunt_enter_depths_magical_seal, layout_grid_maze,
          chequers_serial_rivers_large_a
Temple:   eino_temple_lava
Lair:1:   layout_loops_ring
Lair:2:   layout_big_grid, minmay_shoals_entry_centaurs, uniq_gastronok,
          uniq_maggie
Lair:3:   layout_hall_layers, nicolae_spider_entry_tight_spaces
Lair:4:   nzn_winding_woodlands_large [nzn_winding_woodlands_5x5_open_star,
          nzn_winding_woodlands_5x15_default, nzn_winding_woodlands_5x5_default,
          nzn_winding_woodlands_center_diamonds,
          nzn_winding_woodlands_15x15_eel_pit,
          nzn_winding_woodlands_center_triple_pond,
          nzn_winding_woodlands_5x5_checkerboard,
          nzn_winding_woodlands_5x15_eye, nzn_winding_woodlands_5x5_three],
          layout_regular_city, beast_lair_carwin_1
Lair:5:   minmay_lair_end_enchanted_forest, layout_regular_city,
          dpeg_slime_entry_enclosed, hellmonk_guarded_unrand_zhor,
          grunt_megastairs_3, serial_bayou_shore_a
Shoals:1: layout_shoals, serial_shops, shop, nicolae_shoals_land_atoll
Shoals:2: layout_shoals, nicolae_shop_gadgets
Shoals:3: layout_shoals, overgrown_hall
Shoals:4: shoals_end_simple, layout_shoals, serial_shops, nicolae_shop_trees,
          uniq_mlioglotl
Spider:1: layout_cave_pods, uniq_josephine
Spider:2: layout_spider_delve, nicolae_spider_cling_halls, uniq_arachne
Spider:3: layout_cave_pods
Spider:4: floodkiller_spider_rune_tomb, drop_trap
Orc:1:    hellmonk_paralyzer, layout_diamond_mine
Orc:2:    st_orc_rangers, layout_caves, serial_shops, bzr_entry_water
Elf:1:    elf_arrival_001, layout_geoelf_octagon, gammafunk_ghost_grave,
          minmay_elf_demonology, nicolae_elf_big_sculpture_1,
          serial_sigils_hangedman_carve
Elf:2:    nicolae_elf_blades_splatter_lattice [mumra_blade_entry_dagger],
          layout_geoelf_grid, serial_shops, shop, st_stairs_5
Elf:3:    elf_hall_gauntlet_narrow, layout_loops_corners, uniq_norris
Vaults:1: nicolae_vaults_little_squares_2, nicolae_vaults_weapon_check,
          nicolae_vaults_little_squares_5, v_alt_pattern_4,
          layout_vaults_omnigrid, serial_shops, bzr_entry_dummy, shop, shop
Vaults:2: v_misc_24, vaults_room_glass_cross, minmay_crypt_entry_simple_corners,
          vaults_room_pool, nicolae_vaults_closet_pinwheel_1, v_misc_13,
          nicolae_vaults_diagonal_hallway_8, nicolae_vaults_three_branches,
          nicolae_vaults_little_squares_5, layout_vaults_big_room
Vaults:3: mu_enter_wizlab_6, nicolae_vaults_little_squares_3, v_misc_8,
          hangedman_vaults_locks, ontoclasm_vaults_claustrophobia, v_misc_24,
          vaults_room_large_hall, hangedman_vaults_hat,
          nicolae_vaults_network_quinsquares
          [nicolae_vaults_network_quincunx_subvault,
          nicolae_vaults_network_quincunx_subvault,
          nicolae_vaults_network_quincunx_subvault,
          nicolae_vaults_network_quincunx_subvault], nicolae_vaults_little_ls,
          vaults_room_fours, nicolae_vaults_closet_pinwheel_4,
          vaults_dpeg_encased_lava, vaults_room_pools, layout_vaults_omnicross
Vaults:4: nicolae_vaults_meiosis, nicolae_vaults_closet_pinwheel_5, v_pattern_5,
          nicolae_vaults_storage_closets_3, nicolae_vaults_specimen_jars,
          ontoclasm_vaults_decontamination, nicolae_vaults_two_Ls, v_misc_23,
          vaults_room_pool, nicolae_vaults_spaceships, nicolae_vaults_house_3,
          vaults_room_corners, nicolae_vaults_circle_grid_b,
          nicolae_vaults_asterisk, layout_vaults_ring, serial_shops,
          bzr_entry_road
Vaults:5: serial_shops, uniq_sojobo, uniq_mennas
Depths:1: layout_roguey, hellmouth_1, nicolae_wu_jian_wuxing_cycle,
          serial_sigils_hangedman_gut, nicolae_sextant,
          hangedman_research_pyrotechnics
Depths:2: minmay_box_of_statues, layout_cave_pools, serial_sigils,
          serial_sigils_hangedman_writhe, serial_sigils_hangedman_quiver,
          serial_sigils_hangedman_gut, serial_sigils_hangedman_scratch,
          serial_sigils_hangedman_gnaw, hell_entry, trog_three_pillars_becter,
          abyss_entry_crystal, grunt_pan_entry_in_and_out, uniq_bai_suzhen,
          uniq_grunn, uniq_aizul
Depths:3: evilmike_hourglass, layout_basic, enter_ziggurat_e,
          grunt_hell_entry_dis_mu, abyss_entry_flame_altar, nrook_pool_corridor,
          minivault_21, infiniplex_staircase_pillars_1
Depths:4: evilmike_zot_entry_diamond, layout_basic, ebering_ghost_xom,
          hangedman_coc_ice_floe, cheibriados_altar_1, drop_trap
Zot:1:    layout_basic, regret_index_zotdec_magical_s
Zot:2:    lemuel_halls_of_wrath, layout_cathedral_of_symmetry
Zot:3:    layout_cathedral_of_symmetry, hangedman_zot_decor_checkerboard,
          lemuel_elevator
Zot:4:    layout_misc_corridors, st_stairs_3
Zot:5:    layout_gridlike

Notes
Turn   | Place    | Note
-------+----------+-------------------------------------------
     0 | D:1      | MackTheKnife the Armataur Necromancer began the quest for
                  | the Orb.
     0 | D:1      | Reached XP level 1. HP: 13/13 MP: 3/3
     0 | D:1      | magus.rc [v1.9.6]
   266 | D:1      | Reached XP level 2. HP: 20/20 MP: 1/4
   272 | D:1      | Reached skill level 1 in Fighting
   379 | D:1      | You pick up a book of the Senses and begin reading...
   379 | D:1      | You add the spells Dazzling Flash and Silence to your
                  | library.
   619 | D:1      | Found Ylefuegh's Armour Boutique.
   876 | D:2      | Found Peppank's Armour Shop.
   923 | D:2      | Reached XP level 3. HP: 26/26 MP: 3/5
  1141 | D:2      | Reached skill level 2 in Fighting
  1202 | D:2      | Learned a level 3 spell: Vampiric Draining
  1270 | D:2      | Found a faded altar of an unknown god.
  1310 | D:2      | Reached skill level 4 in Necromancy
  1541 | D:2      | Reached XP level 4. HP: 33/33 MP: 3/6
  2380 | D:4      | Noticed a scorpion
  2425 | D:4      | You pick up a book of the Senses and begin reading...
  2428 | D:4      | Found a transporter.
  2437 | D:4      | Noticed MrCrawl's ghost (novice DrFE)
  2439 | D:4      | Found Hekaelui's Magic Scroll Shop.
  2445 | D:4      | Found a transporter.
  2452 | D:4      | Bought a scroll of identify for 22 gold pieces
  2452 | D:4      | Bought a scroll of identify for 22 gold pieces
  2452 | D:4      | Bought a scroll of identify for 22 gold pieces
  2452 | D:4      | Bought a scroll of identify for 22 gold pieces
  2484 | D:4      | Reached skill level 3 in Fighting
  2484 | D:4      | Reached XP level 5. HP: 29/41 MP: 2/7
  2534 | D:4      | You pick up a book of Air and begin reading...
  2534 | D:4      | You add the spells Shock, Swiftness and Airstrike to your
                  | library.
  2704 | D:4      | Reached XP level 6. HP: 39/48 MP: 8/8
  2745 | D:5      | Entered Level 5 of the Dungeon
  2806 | D:4      | Noticed Edmund
  2821 | D:5      | Reached skill level 5 in Necromancy
  2851 | D:5      | Noticed a water moccasin
  2864 | D:5      | Reached skill level 4 in Fighting
  2867 | D:5      | Killed a water moccasin
  3166 | D:4      | Found an iron altar of Okawaru.
  3257 | D:5      | Gained mutation: You regenerate magic and health when
                  | rolling toward enemies. (Rampage Regen) [Armataur growth]
  3257 | D:5      | Reached XP level 7. HP: 54/54 MP: 6/9
  3272 | D:5      | Reached skill level 6 in Necromancy
  3272 | D:5      | Reached skill level 2 in Spellcasting
  3424 | D:5      | Found a glowing silver altar of Zin.
  3515 | D:5      | Found a shadowy altar of Dithmenos.
  3707 | D:5      | Identified the ring "Ecuggoat" {rF+ rCorr AC+4 Dex-5}
  3760 | D:5      | Learned a level 4 spell: Animate Dead
  4314 | D:6      | Reached skill level 3 in Spellcasting
  4383 | D:6      | Identified the +6 dagger "Zaruecih" {flame, rF+ rN+ Int+4
                  | Stlth+}
  4413 | D:6      | Reached skill level 7 in Necromancy
  4413 | D:6      | Reached XP level 8. HP: 60/60 MP: 9/12
  4906 | D:7      | Found a sacrificial altar of Ru.
  4978 | D:7      | Reached skill level 8 in Necromancy
  5054 | D:7      | Found a staircase to the Ecumenical Temple.
  5067 | D:7      | Reached skill level 5 in Fighting
  5151 | Temple   | Entered the Ecumenical Temple
  5160 | Temple   | Became a worshipper of Ashenzari the Shackled
  5261 | D:7      | Noticed Prince Ribbit
  5285 | D:7      | Killed Prince Ribbit
  5286 | D:7      | Reached skill level 6 in Fighting
  5342 | D:7      | Found an opulent altar of Gozag.
  5464 | D:7      | Reached XP level 9. HP: 54/71 MP: 13/13
  5534 | D:7      | Reached skill level 7 in Fighting
  5719 | D:4      | Killed Edmund
  5858 | D:4      | You pick up a book of Party Tricks and begin reading...
  5858 | D:4      | You add the spells Apportation, Jinxbite and Alistair's
                  | Intoxication to your library.
  5890 | D:4      | You pick up a book of Unlife and begin reading...
  5890 | D:4      | You add the spells Borgnjor's Vile Clutch and Death Channel
                  | to your library.
  6157 | D:8      | Reached skill level 8 in Fighting
  6157 | D:8      | Reached skill level 1 in Armour
  6157 | D:8      | Reached skill level 1 in Shields
  6163 | D:8      | Reached skill level 2 in Armour
  6163 | D:8      | Reached skill level 2 in Shields
  6170 | D:8      | Reached skill level 3 in Armour
  6181 | D:8      | Reached skill level 3 in Shields
  6186 | D:8      | Reached skill level 4 in Armour
  6380 | D:8      | Reached skill level 4 in Shields
  6411 | D:8      | Noticed a troll
  6439 | D:8      | Killed a troll
  6440 | D:8      | Reached skill level 5 in Shields
  6546 | D:8      | Identified the +8 long sword "Uwnyeruk" {elec, rPois rC+
                  | Stlth+}
  6575 | D:8      | Found an ancient bone altar of Kikubaaqudgha.
  6809 | D:8      | Found a basalt altar of Yredelemnul.
  6815 | D:8      | Reached XP level 10. HP: 80/80 MP: 14/14
  6836 | D:8      | Reached skill level 1 in Long Blades
  6944 | D:8      | Reached skill level 2 in Long Blades
  7023 | D:8      | Reached * piety under Ashenzari
  7065 | D:8      | Found a staircase to the Lair.
  7367 | D:9      | Noticed a molten gargoyle
  7617 | D:9      | Reached skill level 3 in Long Blades
  7767 | D:9      | Reached skill level 9 in Fighting
  7777 | D:9      | Reached skill level 4 in Long Blades
  7974 | D:9      | Noticed a molten gargoyle
  8043 | D:9      | Noticed a molten gargoyle
  8207 | Lair:1   | Entered Level 1 of the Lair of Beasts
  8247 | Lair:1   | Reached ** piety under Ashenzari
  8302 | Lair:1   | Reached skill level 5 in Long Blades
  8519 | Lair:1   | Noticed a catoblepas
  8538 | Lair:1   | Killed a catoblepas
  8539 | Lair:1   | Reached skill level 10 in Fighting
  8639 | Lair:1   | Noticed a cane toad
  8646 | Lair:1   | Killed a cane toad
  8647 | Lair:1   | Reached skill level 6 in Long Blades
  8647 | Lair:1   | Reached XP level 11. HP: 90/90 MP: 15/15
  8651 | Lair:1   | Noticed a catoblepas
  8675 | Lair:1   | Noticed an oklob plant
  9205 | Lair:1   | Killed a catoblepas
  9206 | Lair:1   | Reached skill level 7 in Long Blades
  9413 | Lair:2   | Noticed a four-headed hydra
  9425 | Lair:2   | Noticed a five-headed hydra
  9446 | Lair:2   | Noticed Maggie
  9453 | Lair:2   | Killed Maggie
  9520 | Lair:2   | Reached skill level 8 in Long Blades
  9606 | Lair:2   | Killed a five-headed hydra
  9607 | Lair:2   | Reached skill level 2 in Dodging
  9708 | Lair:2   | Noticed Gastronok
  9719 | Lair:2   | Killed Gastronok
  9720 | Lair:2   | Reached skill level 3 in Dodging
  9897 | Lair:2   | Learned a level 5 spell: Borgnjor's Vile Clutch
  9913 | Lair:2   | Killed a four-headed hydra
  9914 | Lair:2   | Reached skill level 1 in Earth Magic
 10143 | Lair:2   | Found a staircase to the Shoals.
 10665 | Lair:3   | Identified the +5 flail of Misery {flame, rPois MP+9}
 10832 | Lair:3   | Reached skill level 2 in Earth Magic
 10834 | Lair:3   | Reached XP level 12. HP: 82/98 MP: 13/17
 10902 | Lair:3   | Reached skill level 4 in Spellcasting
 10985 | Lair:3   | Found a hole to the Spider Nest.
 11055 | Lair:3   | HP: 23/98 [poisoned by a redback]
 11060 | Lair:3   | HP: 19/98 [poisoned by a redback]
 11314 | Lair:3   | Reached skill level 3 in Earth Magic
 11566 | Lair:3   | Reached *** piety under Ashenzari
 11652 | Lair:3   | Reached skill level 4 in Earth Magic
 11807 | Lair:3   | You pick up a book of Blood and begin reading...
 11807 | Lair:3   | You add the spells Sublimation of Blood, Wereblood and
                  | Summon Hydra to your library.
 11890 | Lair:3   | You add the spells Sting, Poisonous Vapours and Olgreb's
                  | Toxic Radiance to your library.
 11994 | Lair:4   | Learned a level 6 spell: Death Channel
 12026 | Lair:4   | Reached **** piety under Ashenzari
 12032 | Lair:4   | Reached skill level 9 in Necromancy
 12115 | Lair:4   | Noticed a death yak
 12121 | Lair:4   | Noticed a death yak
 12121 | Lair:4   | Noticed a death yak
 12130 | Lair:4   | Killed a death yak
 12147 | Lair:4   | Killed a death yak
 12150 | Lair:4   | Killed a death yak
 12388 | Lair:4   | Reached skill level 5 in Spellcasting
 12590 | Lair:4   | Reached skill level 6 in Spellcasting
 12595 | Lair:4   | HP: 13/98 [komodo dragon (24)]
 12595 | Lair:4   | HP: 1/98 [komodo dragon (12)]
 13151 | Lair:4   | Reached skill level 10 in Necromancy
 13196 | Lair:5   | Entered Level 5 of the Lair of Beasts
 13596 | D:1      | Bought the +0 pair of gloves of Exclusion {rF+ Int+3} for
                  | 272 gold pieces
 14192 | Lair:5   | Found the +4 skin of Zhor {*Englaciate rC+++ SInv}
 14241 | Lair:5   | Noticed a death yak
 14242 | Lair:5   | Reached XP level 13. HP: 106/109 MP: 10/24
 14265 | Lair:5   | Reached skill level 11 in Necromancy
 14267 | Lair:5   | Reached skill level 9 in Long Blades
 14474 | Lair:5   | Found the +3 Elemental Staff {ele, rElec rF+ rC+ AC+3}
 14563 | Lair:5   | Reached skill level 11 in Fighting
 14584 | Lair:5   | Reached ***** piety under Ashenzari
 14596 | Lair:5   | Found a viscous altar of Jiyva.
 14596 | Lair:5   | Found a staircase to the Slime Pits.
 14764 | Lair:5   | Reached skill level 5 in Armour
 15039 | Lair:5   | Reached skill level 6 in Armour
 15045 | Lair:5   | You pick up a book of the Moon and begin reading...
 15045 | Lair:5   | You add the spells Passage of Golubria and Lehudib's
                  | Crystal Spear to your library.
 15051 | Lair:5   | S - quicksilver dragon scales {rare}
 15365 | Lair:5   | Reached skill level 4 in Dodging
 15685 | Lair:4   | Identified the +5 tower shield "Lurijis" {+Blink rF+ rC-
                  | rCorr Dex+2}
 15702 | Lair:4   | Reached skill level 7 in Armour
 15881 | Lair:4   | Reached skill level 5 in Dodging
 15881 | Lair:4   | Reached XP level 14. HP: 108/120 MP: 19/26
 16368 | D:9      | Reached skill level 8 in Armour
 16627 | D:9      | Found a sparkling altar of Nemelex Xobeh.
 16936 | D:10     | Entered Level 10 of the Dungeon
 17575 | D:11     | Reached skill level 1 in Evocations
 17668 | D:11     | Reached skill level 2 in Evocations
 17707 | D:11     | Reached skill level 3 in Evocations
 17832 | D:11     | Found a staircase to the Orcish Mines.
 17891 | D:11     | You pick up a book of Minor Magic and begin reading...
 17891 | D:11     | You add the spells Magic Dart, Call Imp and Mephitic Cloud
                  | to your library.
 18175 | D:11     | Reached skill level 4 in Evocations
 18323 | Orc:1    | Entered Level 1 of the Orcish Mines
 18410 | Orc:2    | Entered Level 2 of the Orcish Mines
 18418 | Orc:2    | Paralysed by an orc sorcerer for 3 turns
 18429 | Orc:2    | Paralysed by an orc sorcerer for 4 turns
 18431 | Orc:2    | Reached skill level 5 in Evocations
 18469 | Orc:2    | Reached skill level 6 in Evocations
 18504 | Orc:2    | Found a staircase to the Elven Halls.
 18513 | Orc:2    | Found a flickering gateway to a bazaar.
 18535 | Orc:2    | Reached skill level 7 in Evocations
 18572 | Bazaar   | Entered a bazaar
 18572 | Bazaar   | Found Nais's Antique Weapon Shoppe.
 18572 | Bazaar   | Found Coatz's Jewellery Shoppe.
 18669 | Bazaar   | Found Riateluwne's Antique Armour Emporium.
 18669 | Bazaar   | Found Xyateow's Magic Scroll Emporium.
 18686 | Bazaar   | Bought a scroll of acquirement for 728 gold pieces
 18686 | Bazaar   | Acquired the +12 crystal plate armour of Autotheism
                  | {*Corrode rF+ rC+ rN++}
 18687 | Bazaar   | s - the +12 crystal plate armour of Autotheism {*Corrode
                  | rF+ rC+ rN++, rare=g}
 18766 | Orc:2    | Found Vall's Jewellery Shoppe.
 18768 | Orc:2    | Found Alajanad's Armour Shop.
 18770 | Orc:2    | Found Woanamno's Jewellery Emporium.
 19315 | Orc:1    | Reached skill level 6 in Shields
 19510 | Orc:1    | Reached skill level 7 in Shields
 19527 | Orc:1    | Reached skill level 8 in Shields
 19747 | Orc:2    | Bought the amulet "Hevosch" {Reflect rN++ Int+4 SH+5} for
                  | 559 gold pieces
 19870 | D:12     | Noticed Fannar
 19881 | D:12     | Killed Fannar
 19930 | D:12     | Found a frozen archway.
 19940 | IceCv    | Entered an ice cave
 20020 | IceCv    | Reached skill level 9 in Shields
 20225 | IceCv    | Reached XP level 15. HP: 126/126 MP: 27/27
 20622 | IceCv    | Reached skill level 10 in Shields
 20778 | IceCv    | Found the necklace of Bloodlust {Fury *Rage Will++ Int-3
                  | Slay+6}
 20956 | IceCv    | Reached skill level 11 in Shields
 21046 | IceCv    | You add the spells Ozocubu's Armour and Ozocubu's
                  | Refrigeration to your library.
 21067 | D:12     | You drop quicksilver dragon scales {rare}.
 21202 | D:12     | You pick up a book of Necromancy and begin reading...
 21802 | D:12     | You pick up a book of Blood and begin reading...
 21913 | D:13     | You pick up a book of the Senses and begin reading...
 21928 | D:13     | Reached skill level 12 in Shields
 22295 | D:13     | Reached skill level 13 in Shields
 22642 | D:14     | Found Zix Oduodde's Magic Scroll Boutique.
 22680 | D:14     | Found Unissax's General Store.
 22691 | D:14     | Found Faargh's Weapon Emporium.
 22700 | D:14     | Found a gate leading to a gauntlet.
 22706 | Gauntlet | Entered a Gauntlet
 22706 | Gauntlet | Found a transporter.
 22706 | Gauntlet | Found a transporter.
 22706 | Gauntlet | Found a runed translucent door.
 22706 | Gauntlet | Found a runed translucent door.
 22706 | Gauntlet | Found a runed translucent door.
 22711 | Gauntlet | Found a runed translucent door.
 22712 | Gauntlet | Found a transporter.
 22712 | Gauntlet | Found a transporter.
 22712 | Gauntlet | Identified the +2 cloak "Faoq" {Will+}
 22716 | Gauntlet | Found a transporter.
 22716 | Gauntlet | Found a transporter.
 22750 | Gauntlet | Found a transporter.
 22750 | Gauntlet | Found a transporter.
 22757 | Gauntlet | Identified the ring "Jeefoexo" {AC+4 Str+5}
 22758 | Gauntlet | Found a transporter.
 22774 | Gauntlet | Found a transporter.
 22776 | Gauntlet | Identified the amulet "Item" {Reflect Rampage Int+4 SH+5}
 22788 | Gauntlet | Found a transporter.
 22792 | Gauntlet | Found a transporter.
 22792 | Gauntlet | Identified the ring "Suigydosch" {rPois rC++ rN+ Str+6
                  | Slay-2}
 22855 | Gauntlet | Found a runed translucent door.
 22946 | Gauntlet | Identified the +6 kite shield of the Four Violins {Rampage
                  | rPois Stlth+}
 22949 | Gauntlet | Identified the +0 troll leather armour of Mumblety Peg
                  | {-Tele Regen+ Str+7 Int-5 SInv}
 22951 | Gauntlet | Identified the +0 ice dragon scales of Makhleb's
                  | Benevolence {rElec rF- rC++ Dex+7 SInv}
 22965 | Gauntlet | You pick up a book of Spatial Translocations and begin
                  | reading...
 22965 | Gauntlet | You add the spells Blink, Momentum Strike and Lesser
                  | Beckoning to your library.
 23018 | D:14     | HP: 31/125 [vampire mosquito (2)]
 23270 | D:14     | Found Pauziasch's Antique Weapon Shop.
 23273 | D:14     | Identified the +0 broad axe "Transmigrator" {elec, Fly
                  | Str+9}
 23424 | D:14     | Reached skill level 14 in Shields
 23533 | D:14     | Found Hyhopamp's Antique Weapon Boutique.
 23871 | D:14     | Found a gate to the Vaults.
 23876 | D:14     | Reached skill level 15 in Shields
 24129 | D:14     | Identified the +4 chain mail "Exkir" {Int+3}
 24511 | D:15     | Entered Level 15 of the Dungeon
 24518 | D:15     | Reached XP level 16. HP: 122/132 MP: 27/27
 24755 | D:15     | Reached skill level 16 in Shields
 25037 | D:15     | Reached skill level 9 in Armour
 25125 | D:15     | Found a staircase to the Depths.
 25203 | D:15     | magus.rc [v1.9.6]
 25372 | D:15     | Reached skill level 10 in Armour
 26286 | Spider:1 | Entered Level 1 of the Spider Nest
 26303 | Spider:1 | Reached skill level 11 in Armour
 26409 | Spider:1 | Noticed Josephine
 26421 | Spider:1 | Killed Josephine
 26575 | Spider:1 | Reached skill level 12 in Armour
 27311 | Spider:2 | Noticed Arachne
 27326 | Spider:2 | Reached skill level 13 in Armour
 27343 | Spider:2 | Killed Arachne
 27521 | Spider:2 | Reached skill level 14 in Armour
 27867 | Spider:3 | Reached skill level 1 in Axes
 27879 | Spider:3 | Reached skill level 2 in Axes
 28004 | Spider:3 | Reached skill level 3 in Axes
 28270 | Spider:3 | Reached skill level 4 in Axes
 28530 | Spider:3 | Identified the blade talisman of the Ladybird {Fly rC-
                  | Will- SInv}
 28545 | Spider:3 | Reached skill level 5 in Axes
 28550 | Spider:3 | Reached XP level 17. HP: 139/139 MP: 29/29
 29306 | Spider:4 | Entered Level 4 of the Spider Nest
 29561 | Spider:4 | Reached skill level 6 in Axes
 29729 | Spider:4 | You pick up a book of Fire and begin reading...
 29729 | Spider:4 | You add the spells Foxfire, Plasma Beam and Starburst to
                  | your library.
 29956 | Spider:4 | Reached skill level 7 in Axes
 30254 | Spider:4 | Reached skill level 8 in Axes
 30374 | Spider:4 | Got a gossamer rune of Zot
 30544 | Spider:4 | Reached skill level 9 in Axes
 30958 | Spider:4 | You finish putting on the +12 crystal plate armour of
                  | Autotheism {*Corrode rF+ rC+ rN++, rare=g}.
 31060 | Shoals:1 | Entered Level 1 of the Shoals
 31298 | Shoals:1 | Reached skill level 12 in Fighting
 31434 | Shoals:1 | Found Cahegh's Assorted Antiques.
 31457 | Shoals:1 | Bought a white potion for 31 gold pieces
 31966 | Shoals:1 | Reached skill level 10 in Axes
 32307 | Shoals:2 | Found Zeasir's Gadget Gallery.
 32323 | Shoals:2 | Bought a sack of spiders for 520 gold pieces
 32323 | Shoals:2 | Bought a phial of floods for 520 gold pieces
 32429 | Shoals:2 | Your +12 crystal plate armour of Autotheism {*Corrode rF+
                  | rC+ rN++, rare=g} glows black for a moment.
 33754 | Shoals:3 | You pick up a book of Power and begin reading...
 33754 | Shoals:3 | You add the spells Iskenderun's Battlesphere, Bombard and
                  | Spellforged Servitor to your library.
 33792 | Shoals:3 | Reached skill level 13 in Fighting
 33792 | Shoals:3 | Reached XP level 18. HP: 133/143 MP: 27/27
 34363 | Shoals:4 | Entered Level 4 of the Shoals
 34508 | Shoals:4 | Noticed Mlioglotl
 34521 | Shoals:4 | Killed Mlioglotl
 34568 | Shoals:4 | Reached skill level 11 in Axes
 34571 | Shoals:4 | You pick up a book of Decay and begin reading...
 34571 | Shoals:4 | You add the spells Cigotuvi's Dreadful Rot and Dispel
                  | Undead to your library.
 34795 | Shoals:4 | Identified the +6 ring mail of Bad Feelings {Rampage Dex+4
                  | Stlth+}
 34850 | Shoals:4 | Identified the +0 rapier of Ynysair {heavy, rC- Str+3
                  | Dex+3}
 34902 | Shoals:4 | You pick up a book of Power and begin reading...
 34978 | Shoals:4 | Identified the +7 plate armour "Vaetitub" {Str+4 Dex+5}
 35449 | Shoals:4 | Reached skill level 14 in Fighting
 35473 | Shoals:4 | Got a barnacled rune of Zot
 35684 | Shoals:4 | You pick up a book of the Hunter and begin reading...
 35684 | Shoals:4 | You add the spells Sigil of Binding, Call Canine Familiar
                  | and Dimensional Bullseye to your library.
 36245 | Vaults:1 | Entered Level 1 of the Vaults
 36289 | Vaults:1 | Reached skill level 12 in Axes
 36309 | Vaults:1 | Found a flickering gateway to a bazaar.
 36318 | Bazaar   | Entered a bazaar
 36322 | Bazaar   | Found Nikess's Book Boutique.
 36350 | Bazaar   | Found Legh's General Store.
 36372 | Bazaar   | Found Isic's Book Boutique.
 36393 | Bazaar   | Found Toeda's Antique Armour Emporium.
 36464 | Vaults:1 | Paralysed by a formless jellyfish for 1 turns
 36470 | Vaults:1 | Paralysed by a formless jellyfish for 1 turns
 37031 | Vaults:1 | Learned a level 4 spell: Dispel Undead
 37034 | Vaults:1 | Learned a level 2 spell: Wereblood
 37068 | Vaults:1 | Found Epri's Magic Scroll Shoppe.
 37299 | Vaults:1 | Reached skill level 15 in Fighting
 37440 | Vaults:1 | Identified the +4 short sword of Mastery {venom, rC- rN+
                  | MP+9 SInv}
 37690 | Vaults:1 | Found Jeis's Weapon Boutique.
 37852 | Vaults:2 | Found a staircase to the Crypt.
 37859 | Vaults:2 | Reached XP level 19. HP: 155/157 MP: 28/28
 37890 | Vaults:2 | Identified the +8 short sword of Valuable Assets {heavy,
                  | rF++ rC- Int+4}
 38124 | Vaults:2 | Reached skill level 16 in Fighting
 38358 | Vaults:2 | Identified the +4 battleaxe of the Vestibule of Hell
                  | {antimagic, rPois rF++ rCorr Str+3}
 39197 | Vaults:3 | HP: 28/157 [ironbound frostheart/creeping frost (22)]
 39261 | Vaults:3 | Found a magical portal.
 39345 | WizLab   | Entered Borgnjor's Mausoleum
 39365 | WizLab   | Reached ****** piety under Ashenzari
 39413 | WizLab   | Reached skill level 15 in Armour
 39470 | WizLab   | Reached skill level 17 in Shields
 39733 | WizLab   | You pick up a book of the Earth and begin reading...
 39733 | WizLab   | You add the spells Leda's Liquefaction and Lee's Rapid
                  | Deconstruction to your library.
 39817 | WizLab   | Reached skill level 16 in Armour
 40379 | Vaults:3 | Reached skill level 17 in Armour
 40681 | Vaults:3 | Reached XP level 20. HP: 172/172 MP: 32/32
 41175 | Vaults:4 | Reached skill level 17 in Fighting
 41208 | Vaults:4 | Found a flickering gateway to a bazaar.
 41214 | Bazaar   | Entered a bazaar
 41222 | Bazaar   | Found Zuacajoum's Antique Weapon Emporium.
 41236 | Bazaar   | Found Mivvucsu's Antique Weapon Shoppe.
 41251 | Bazaar   | Found Rohim's Antique Armour Shoppe.
 41257 | Bazaar   | Bought a pair of twisted gloves for 323 gold pieces
 41257 | Bazaar   | Identified the +2 pair of gloves of Fun {rF- Regen+ Dex-3
                  | Stlth+} (You bought it in a shop in a bazaar)
 41264 | Bazaar   | Found Jedanoff's Antique Armour Emporium.
 41354 | Vaults:4 | Identified the ring of Ceumabu {rPois rC+ rCorr Int+3
                  | Dex-4}
 42163 | Vaults:4 | Noticed a golden dragon
 42772 | Elf:1    | Entered Level 1 of the Elven Halls
 42792 | Elf:1    | Reached skill level 18 in Fighting
 42855 | Elf:1    | Paralysed by an air elemental for 1 turns
 42862 | Elf:1    | Paralysed by an air elemental for 1 turns
 43162 | Elf:1    | Identified the Papyrus of Accompaniment
 43166 | Elf:1    | You add the spells Summon Guardian Golem and Summon Cactus
                  | Giant to your library.
 43311 | Elf:1    | Found a runed translucent door.
 43313 | Elf:1    | Noticed flestrin's ghost (adept BaSu)
 43355 | Elf:1    | Reached skill level 6 in Dodging
 44093 | Elf:2    | Found Hatah's General Store.
 44121 | Elf:2    | Reached skill level 7 in Dodging
 44448 | Elf:2    | Found a runed translucent gate.
 44448 | Elf:2    | Found a runed translucent gate.
 44449 | Elf:2    | Found a runed translucent gate.
 44634 | Elf:3    | Entered Level 3 of the Elven Halls
 44743 | Elf:3    | Reached skill level 8 in Dodging
 44796 | Elf:3    | Noticed Norris
 44827 | Elf:3    | Killed Norris
 45375 | Elf:3    | Reached skill level 9 in Dodging
 45381 | Elf:3    | Reached XP level 21. HP: 102/184 MP: 33/33
 45566 | Elf:3    | Identified the +1 robe "Ulyuklalie" {+Inv rC+ rN+ Int+4}
 45595 | Elf:3    | Identified the +2 leather armour of Nirchual {rF+ MP+9}
 45639 | Elf:3    | Identified the +5 glaive of Sulphur {vamp, rC- Will+ Int+2
                  | Stlth+}
 45640 | Elf:3    | Identified the +3 leather armour of Honour {+Blink}
 45882 | Elf:3    | Identified the ring of the Jackalope {rPois rC+ Dex+3}
 45927 | Elf:3    | Identified the Catalogue of the Radiant Wyrd
 45927 | Elf:3    | Identified the +7 shortbow of Immorality {freeze, rN+}
 45953 | Elf:3    | You pick up a book of Cantrips and begin reading...
 45989 | Elf:3    | a deep elf elementalist comes into view. It is wielding the
                  | +5 glaive of the Guard {elec, spectral}.
 46038 | Elf:3    | You pick up a book of Lightning and begin reading...
 46038 | Elf:3    | You add the spells Vhi's Electric Charge and Arcjolt to
                  | your library.
 46045 | Elf:3    | You pick up a book of Geomancy and begin reading...
 46045 | Elf:3    | You add the spells Sandblast, Passwall, Stone Arrow and
                  | Brom's Barrelling Boulder to your library.
 46047 | Elf:3    | You pick up a book of Burglary and begin reading...
 46050 | Elf:3    | You pick up a book of Weapons and begin reading...
 46050 | Elf:3    | You add the spells Tukima's Dance and Iskenderun's Mystic
                  | Blast to your library.
 46434 | Elf:3    | Paralysed by an air elemental for 1 turns
 46737 | Depths:1 | Entered Level 1 of the Depths
 46768 | Depths:1 | Reached skill level 19 in Fighting
 46855 | Depths:1 | Reached skill level 1 in Transmutations
 46857 | Depths:1 | Identified the Papyrus of Immolation
 46864 | Depths:1 | Reached skill level 2 in Transmutations
 46925 | Depths:1 | You add the spells Ignite Poison, Volatile Blastmotes and
                  | Sticky Flame to your library.
 47022 | Depths:1 | Reached skill level 3 in Transmutations
 47203 | Depths:1 | Reached skill level 4 in Transmutations
 47285 | Depths:1 | Found an ornate altar of the Wu Jian Council.
 47708 | Depths:1 | Found a gateway to Hell.
 48014 | Depths:2 | Identified the serpent talisman of the Game of Kings {rElec
                  | rF- SInv Stlth+}
 48014 | Depths:2 | Noticed Aizul
 48029 | Depths:2 | Killed Aizul
 48142 | Depths:2 | Found a bloodstained altar of Trog.
 48439 | Depths:2 | Reached skill level 20 in Fighting
 48516 | Depths:2 | Noticed Bai Suzhen
 48529 | Depths:2 | Killed Bai Suzhen
 48561 | Depths:2 | Noticed Grunn
 48580 | Depths:2 | Killed Grunn
 48747 | Depths:2 | You pick up a book of Hexes and begin reading...
 48747 | Depths:2 | You add the spells Anguish, Cause Fear and Enfeeble to your
                  | library.
 48902 | Depths:2 | You pick up a book of Debilitation and begin reading...
 48902 | Depths:2 | You add the spells Slow and Confusing Touch to your
                  | library.
 49093 | Depths:2 | Found a one-way gate to the infinite horrors of the Abyss.
 49158 | Depths:2 | Reached XP level 22. HP: 181/198 MP: 27/34
 49166 | Depths:2 | Reached skill level 21 in Fighting
 49632 | Depths:2 | Found a one-way gate leading to the halls of Pandemonium.
 49640 | Depths:2 | Upgraded the game from 0.31-a0-1300-gb6740aa4e6 to
                  | 0.31-a0-1308-ga3cce3a448
 49640 | Depths:2 | magus.rc [v1.9.6]
 49668 | Depths:3 | Found a one-way gateway to a ziggurat.
 49737 | Depths:3 | You pick up a book of Annihilations and begin reading...
 49737 | Depths:3 | You add the spells Chain Lightning, Fire Storm and Shatter
                  | to your library.
 49747 | Depths:3 | You pick up a book of Flames and begin reading...
 49747 | Depths:3 | You add the spells Inner Flame and Flame Wave to your
                  | library.
 50048 | Depths:3 | Noticed a caustic shrike
 50058 | Depths:3 | Killed a caustic shrike
 50091 | Depths:3 | Reached skill level 18 in Armour
 50103 | Depths:3 | Reached skill level 18 in Shields
 50314 | Depths:3 | Identified the +1 great sword of Valiance {chaos, *Corrode
                  | rC+++ Will- SInv}
 50426 | Depths:3 | Identified the Anthology of Superposition
 50461 | Depths:3 | Found a corrupted altar of Lugonu.
 51058 | Orc:2    | Bought the ring of Yfeule {rElec rN+ Dex+4} for 636 gold
                  | pieces
 51278 | Depths:4 | Entered Level 4 of the Depths
 51767 | Depths:4 | Noticed a golden dragon
 51780 | Depths:4 | Killed a golden dragon
 51781 | Depths:4 | Reached skill level 19 in Armour
 51848 | Depths:4 | Found a runed translucent door.
 51850 | Depths:4 | Found a shimmering altar of Xom.
 51851 | Depths:4 | Noticed Afra's ghost (veteran FoHs)
 51889 | Depths:4 | Reached skill level 19 in Shields
 52081 | Depths:4 | Found a snail-covered altar of Cheibriados.
 52270 | Depths:4 | Found a gate to the Realm of Zot.
 52350 | Depths:4 | Noticed a caustic shrike
 52350 | Depths:4 | Noticed a caustic shrike
 52350 | Depths:4 | Noticed a caustic shrike
 52350 | Depths:4 | Noticed a caustic shrike
 52351 | Depths:4 | Noticed a caustic shrike
 52374 | Depths:4 | Killed a caustic shrike
 52381 | Depths:4 | Killed a caustic shrike
 52381 | Depths:4 | Killed a caustic shrike
 52382 | Depths:4 | Killed a caustic shrike
 52385 | Depths:4 | Killed a caustic shrike
 52907 | Vaults:5 | Entered Level 5 of the Vaults
 52922 | Vaults:4 | Reached XP level 23. HP: 179/207 MP: 35/35
 53090 | Vaults:4 | Reached skill level 20 in Armour
 53137 | Vaults:4 | +0 storm dragon scales {rare}; a storm dragon corpse
 53291 | Vaults:4 | +0 storm dragon scales {rare}; a storm dragon corpse
 53295 | Vaults:4 | Reached skill level 20 in Shields
 53440 | Vaults:4 | +0 storm dragon scales {rare}; a storm dragon skeleton
 53442 | Vaults:4 | +0 storm dragon scales {rare}; a storm dragon skeleton
 53581 | Vaults:5 | Noticed Mennas
 53613 | Vaults:5 | Killed Mennas
 53619 | Vaults:5 | Reached skill level 21 in Armour
 53620 | Vaults:5 | Identified the ring of Giudd {rF+ rN+ Str+4 Int+3 Slay-2}
 53643 | Vaults:5 | Identified the amulet of Xom's Best Wishes {Faith rCorr
                  | Dex+3 Slay+3}
 53862 | Vaults:5 | Identified the amulet of Ykkorph {Reflect rElec SH+5}
 53898 | Vaults:5 | Identified the +2 quarterstaff "Mud Pie of Death" {holy,
                  | *Rage rC++ Dex+3}
 53899 | Vaults:5 | Identified the +5 dagger "Camoapraw" {holy, rElec Dex+4}
 53936 | Vaults:5 | Identified +0 gold dragon scales
 53943 | Vaults:5 | Reached skill level 21 in Shields
 53946 | Vaults:5 | Noticed a dread lich
 53966 | Vaults:5 | HP: 34/207 [stone giant (32)]
 53986 | Vaults:5 | quicksilver dragon scales {rare}; a quicksilver dragon
                  | corpse
 54433 | Vaults:5 | Identified Takadaqo's Cyclopedia of the Dose and Inhalation
 54542 | Vaults:5 | Identified the Tome of Hexes and Shapeshifting
 54668 | Vaults:5 | Noticed Sojobo
 54688 | Vaults:5 | Killed Sojobo
 54722 | Vaults:5 | Identified the ring "Suohud" {Fire Will+ Str+2}
 54723 | Vaults:5 | Reached skill level 22 in Armour
 54744 | Vaults:5 | Killed a dread lich
 54912 | Vaults:5 | Got a silver rune of Zot
 54956 | Vaults:5 | You pick up a book of Decay and begin reading...
 55002 | Vaults:5 | You pick up a book of Armaments and begin reading...
 55017 | Vaults:5 | You pick up a book of Changes and begin reading...
 55174 | Vaults:5 | You add the spells Haunt, Borgnjor's Revivification and
                  | Death's Door to your library.
 55633 | Zot:1    | Entered Level 1 of the Realm of Zot
 55698 | Zot:1    | Reached XP level 24. HP: 213/215 MP: 34/35
 55774 | Zot:1    | Reached skill level 22 in Fighting
 55953 | Zot:1    | Identified the +0 ring mail of Duvam {rC+ rN+ rCorr}
 56000 | Zot:1    | quicksilver dragon scales {rare}; a quicksilver dragon
                  | corpse
 56113 | Zot:1    | quicksilver dragon scales {rare}; a quicksilver dragon
                  | corpse
 56974 | Zot:1    | Found a shimmering blue altar of Sif Muna.
 56978 | Zot:1    | magus.rc [v1.9.6]
 57310 | Zot:2    | Reached skill level 13 in Axes
 57571 | Zot:3    | Reached skill level 14 in Axes
 57799 | Zot:4    | Identified +0 gold dragon scales
 57844 | Zot:4    | Reached skill level 15 in Axes
 58308 | Zot:5    | Entered Level 5 of the Realm of Zot
 58521 | Zot:5    | Noticed a curse toe
 58536 | Zot:5    | Killed a curse toe
 58760 | Zot:5    | Noticed a Killer Klown
 58760 | Zot:5    | Noticed a Killer Klown
 58760 | Zot:5    | Noticed an electric golem
 58762 | Zot:5    | Noticed a dread lich
 58769 | Zot:5    | Noticed a curse toe
 58781 | Zot:5    | Reached XP level 25. HP: 209/225 MP: 26/35
 58781 | Zot:5    | Noticed an orb of fire
 58783 | Zot:5    | Killed a dread lich
 58784 | Zot:5    | Reached skill level 16 in Axes
 58798 | Zot:5    | Killed an orb of fire
 58810 | Zot:5    | Killed a curse toe
 58841 | Zot:5    | Noticed a dread lich
 58845 | Zot:5    | Noticed an orb of fire
 58846 | Zot:5    | Killed a dread lich
 58857 | Zot:5    | Killed an orb of fire
 58870 | Zot:5    | Killed a Killer Klown
 58876 | Zot:5    | Killed a Killer Klown
 58878 | Zot:5    | Noticed a dread lich
 58888 | Zot:5    | Killed a dread lich
 58889 | Zot:5    | Killed an electric golem
 58890 | Zot:5    | Reached skill level 17 in Axes
 59059 | Zot:5    | Got the Orb of Zot
 59063 | Zot:5    | Noticed Hadyed the pandemonium lord
 59153 | Zot:2    | Noticed an orb of fire
 59158 | Zot:2    | Gained mutation: Potions are less effective at restoring
                  | your health. [an orb of fire]
 59171 | Zot:2    | Killed an orb of fire
 59403 | D:14     | Gained mutation: You are clumsy. (Dex -2) [a cacodemon]
 59407 | D:14     | Lost mutation: You are clumsy. (Dex -2) [potion of
                  | mutation]
 59407 | D:14     | Lost mutation: Potions are less effective at restoring your
                  | health. [potion of mutation]
 59407 | D:14     | Gained mutation: You have sharp toenails. [potion of
                  | mutation]
 59407 | D:14     | Lost mutation: You have sharp toenails. [potion of
                  | mutation]
 59407 | D:14     | Gained mutation: You are partially covered in iridescent
                  | scales. (AC +2) [potion of mutation]
 59640 | D:7      | Reached skill level 18 in Axes
 59845 | D:$      | Escaped with the Orb!

Vanquished Creatures
  2 orbs of fire
  3 dread liches
  Mennas (Vaults:5)
  2 Killer Klowns (Zot:5)
  2 curse toes (Zot:5)
  4 caustic shrikes
  3 golden dragons
  Arachne (Spider:2)
  2 bone dragons (Depths:4)
  2 Brimstone Fiends
  Norris (Elf:3)
  A Tzitzimitl (D:7)
  A doom hound (Depths:2)
  10 tentacled monstrosities
  2 deep elf blademasters (Elf:3)
  Mlioglotl (Shoals:4)
  4 liches
  A walking earthen tome (Depths:3)
  13 Orb Guardians
  6 titans
  2 deep elf master archers (Elf:3)
  4 quicksilver dragons
  4 ancient champions
  6 sphinxes
  An Executioner (D:2)
  2 death cobs
  3 shadow dragons
  A protean progenitor (Zot:1)
  Aizul (Depths:2)
  7 tengu reavers
  A revenant (WizLab)
  8 storm dragons
  6 fire giants
  A demonspawn warmonger (D:2)
  3 draconian monks
  7 draconian knights
  12 vault wardens
  An emperor scorpion (Spider:4)
  4 draconian scorchers
  8 frost giants
  3 draconian shifters
  3 deep elf sorcerers
  A deep elf elementalist (Elf:3)
  2 iron dragons
  2 orc warlords (Vaults:3)
  4 ghost moths (Spider:4)
  A spectral caustic shrike (WizLab)
  A spriggan defender (Depths:2)
  2 war gargoyles
  2 draconian annihilators (Zot:4)
  3 draconian stormcallers
  A reaper (Depths:2)
  2 formless jellyfish
  10 ironbound preservers
  A ghoul (Vaults:2)
  20 very ugly things
  2 cacodemons
  17 stone giants
  A broodmother (Zot:1)
  4 green draconians
  2 vampire knights (Depths:3)
  6 ironbound thunderhulks
  4 black draconians (Zot:4)
  6 dire elephants (Vaults:2)
  6 yellow draconians
  3 deep elf demonologists
  5 halazid warlocks (WizLab)
  2 purple draconians
  7 deep elf death magi
  7 deep elf annihilators
  A spectral titan (WizLab)
  7 red draconians
  8 white draconians
  11 spark wasps
  4 eidola
  A minotaur (Gauntlet)
  11 ettins
  8 fire dragons
  3 merfolk javelineers
  2 quicksilver dragon zombies (WizLab)
  3 merfolk impalers (Shoals:4)
  Josephine (Spider:1)
  3 jiangshi
  A blizzard demon (Depths:2)
  5 deep elf high priests
  Fannar (D:12)
  7 entropy weavers
  8 great orbs of eyes
  13 yaktaur captains
  9 ice dragons
  2 spriggan air magi
  33 vault guards
  2 hydras
  2 peacekeepers
  3 rakshasas
  3 jorogumos
  5 boulder beetles
  A radroach (shapeshifter) (Vaults:2)
  2 radroaches
  2 catoblepae (Lair:1)
  6 ogre magi
  A death knight (D:15)
  A two-headed ogre (shapeshifter) (Vaults:4)
  6 merfolk aquamancers
  2 satyrs
  13 centaur warriors
  3 alligator snapping turtles
  2 merfolk avatars
  13 dancing weapons
  8 ironbound frosthearts
  7 tengu warriors
  6 two-headed ogres
  2 titan zombies (WizLab)
  2 vampire magi
  2 deep troll shamans
  4 death scarabs (Spider:4)
  12 death yaks
  4 demonic crawlers
  5 deep troll earth magi
  3 spriggan berserkers
  An orc high priest (Orc:2)
  An occultist (Depths:3)
  2 soul eaters
  A sun demon (D:14)
  2 fire crabs (Depths:1)
  3 hell knights
  3 iron trolls
  A salamander mystic (Depths:1)
  8 skysharks
  10 deep elf knights
  3 sixfirhies
  4 skeletal warriors
  3 shadow wraiths
  A spectral spark wasp (WizLab)
  A titan skeleton (Vaults:4)
  3 pharaoh ants (Spider:4)
  23 deep trolls
  13 sea snakes
  2 flayed ghosts
  An orb spider (Spider:3)
  15 deep elf archers
  6 steelbarb worms
  6 orc knights
  12 ironbound convokers
  6 arcanists
  2 swamp dragons (D:14)
  6 glowing orange brains
  5 harpies
  27 deep elf pyromancers
  9 phantasmal warriors
  32 deep elf zephyrmancers
  9 necromancers
  6 lindwurms
  A broodmother zombie (Spider:4)
  An elf skeleton (Vaults:4)
  8 fauns
  22 ugly things
  12 manticores
  3 salamanders
  7 orc sorcerers
  6 wolf spiders
  3 cyclopes
  A faun (shapeshifter) (Depths:3)
  A frost giant zombie (Depths:3)
  2 moths of wrath (shapeshifter)
  16 moths of wrath
  An elephant (shapeshifter) (Vaults:5)
  A will-o-the-wisp (Depths:1)
  4 elephants
  An orange demon (D:14)
  2 black mambas
  2 eyes of devastation (shapeshifter)
  An ice statue (IceCv)
  2 kobold blastminers (Orc:2)
  6 merfolk sirens
  A guardian serpent (shapeshifter) (Vaults:4)
  8 water nymphs
  3 centaur skeletons (D:15)
  5 vault sentinels
  6 molten gargoyles
  An unseen horror (D:10)
  A rust devil (D:11)
  3 gargoyles
  A torpor snail (Lair:5)
  A kobold demonologist (D:10)
  A hellion (Depths:2)
  12 cane toads
  6 rime drakes (Lair:5)
  3 efreet
  Maggie (Lair:2)
  2 freezing wraiths
  8 komodo dragons
  A tormentor (Depths:2)
  6 tengu conjurers
  2 redback zombies (Spider:4)
  A spectral harpy (WizLab)
  16 trolls
  18 yaktaurs
  A queen bee (D:9)
  Prince Ribbit (D:7)
  2 hellwings (D:2)
  3 spectral jumping spiders (Spider:4)
  8 hornets
  7 polar bears
  A wolf spider simulacrum (D:12)
  2 spectral culicivoras (Spider:4)
  A spriggan zombie (WizLab)
  13 merfolk
  10 tarantellas
  5 wind drakes
  A blink frog (shapeshifter) (D:15)
  10 snapping turtles
  3 spectral tarantellas (Spider:4)
  5 blink frogs
  A meliai zombie (D:15)
  A jumping spider zombie (Spider:4)
  5 centaur simulacra
  11 dream sheep
  18 slime creatures
  12 flying skulls
  18 jumping spiders
  2 air elementals
  A culicivora (shapeshifter) (Depths:3)
  3 shadows
  28 water elementals
  3 vampires
  8 culicivoras
  14 spriggans
  6 wraiths
  34 yaks
  5 wyverns
  An elf zombie (Elf:3)
  5 fire elementals
  12 humans (D:14)
  6 wargs
  2 basilisks
  40 redbacks
  15 vampire mosquitoes
  A steam dragon (D:8)
  Edmund (D:4)
  A deep troll zombie (Depths:3)
  An acid dragon (D:11)
  A glowing shapeshifter zombie (Vaults:3)
  An ogre skeleton (Vaults:4)
  6 water moccasins
  A hell hound (Gauntlet)
  A sky beast (D:6)
  24 orc warriors
  An ice beast (D:12)
  3 black bears
  37 wolves
  6 ogres
  7 boggarts
  26 centaurs
  A phantom (D:5)
  A kobold brigand (D:10)
  9 bullfrogs
  4 scorpions
  2 earth elementals
  A gnoll sergeant (D:8)
  4 wights (D:9)
  24 killer bees
  3 electric eels
  5 howler monkeys
  2 lava snakes (Depths:1)
  19 orc priests
  2 hounds
  3 jellies
  5 iguanas
  12 orc wizards
  3 gnolls
  8 adders
  3 shadow imps
  5 white imps
  6 ufetubi
  3 orc zombies (D:9)
  2 worms
  A dart slug (D:3)
  76 orcs
  7 endoplasms
  2 giant cockroaches
  4 goblins
  10 hobgoblins
  13 kobolds
  3 quokkas
  3 ball pythons
  5 bats
  4 frilled lizards
  12 rats
  An aspiring flesh (Zot:1)
  2 spectral weapons (Elf:3)
1687 creatures vanquished.

Vanquished Creatures (collateral kills)
  An orb of fire (Zot:5)
  Sojobo (Vaults:5)
  Bai Suzhen (Depths:2)
  3 golden dragons
  2 caustic shrikes (Depths:4)
  An electric golem (Zot:5)
  A doom hound (Depths:2)
  4 tentacled monstrosities
  11 Orb Guardians (Zot:5)
  Grunn (Depths:2)
  2 sphinxes (Vaults:5)
  A walking frostbound tome (Depths:4)
  A titan (Vaults:5)
  3 death cobs
  Gastronok (Lair:2)
  A tengu reaver (Vaults:5)
  3 storm dragons (Vaults:5)
  3 fire giants
  A protean progenitor (Zot:1)
  A draconian shifter (Zot:2)
  3 frost giants
  An orc warlord (Vaults:2)
  A reaper (Depths:2)
  2 draconian annihilators (Zot:1)
  An ironbound preserver (Vaults:2)
  3 very ugly things (Depths:2)
  2 ironbound thunderhulks
  10 stone giants
  A war gargoyle (Vaults:2)
  A deep elf demonologist (Elf:3)
  A putrid mouth (Depths:2)
  2 green draconians (Zot:2)
  2 deep elf death magi (Elf:3)
  5 black draconians
  3 white draconians
  A deep elf annihilator (Vaults:5)
  2 yellow draconians
  A red draconian (Zot:1)
  3 spark wasps
  4 yaktaur captains
  3 ettins
  A merfolk javelineer (Shoals:4)
  4 fire dragons
  2 jiangshi (Depths:2)
  3 vault guards
  An ice dragon (Depths:4)
  2 jorogumos
  2 hydras (Lair:2)
  2 merfolk avatars
  4 centaur warriors
  2 merfolk aquamancers (Shoals:4)
  An ironbound frostheart (Vaults:3)
  3 boulder beetles
  A vampire mage (Depths:2)
  3 deep troll shamans
  4 tengu warriors
  5 death yaks
  2 two-headed ogres (Zot:2)
  3 deep troll earth magi
  A demonic crawler (Spider:3)
  2 spriggan berserkers
  3 hell knights (Depths:2)
  A deep elf knight (Elf:3)
  A skyshark (Shoals:1)
  A skeletal warrior (D:14)
  4 iron trolls (Zot:2)
  4 pharaoh ants
  A sun moth (Spider:3)
  4 sea snakes
  A glowing orange brain (Depths:4)
  A lindwurm (Vaults:1)
  6 deep trolls
  4 orb spiders
  A spectral wolf spider (Spider:4)
  5 ironbound convokers
  A necromancer (Vaults:3)
  3 orc knights
  A wolf spider zombie (Spider:4)
  2 orc sorcerers
  4 steelbarb worms
  2 deep elf pyromancers (Elf:1)
  2 harpies
  3 deep elf zephyrmancers
  A cyclops (Shoals:4)
  4 wolf spiders
  3 ugly things
  A human zombie (Vaults:3)
  5 manticores
  2 fauns
  3 elephants (Lair:5)
  6 moths of wrath
  A black mamba (Lair:4)
  2 vault sentinels
  2 kobold blastminers (Orc:2)
  An elephant (shapeshifter) (Vaults:5)
  A tengu skeleton (Vaults:3)
  5 torpor snails
  2 merfolk sirens (Shoals:4)
  A water nymph (Shoals:1)
  3 cane toads
  A kobold demonologist (D:10)
  2 rime drakes (Lair:5)
  2 yaktaurs
  2 komodo dragons
  A yaktaur (shapeshifter) (Vaults:5)
  A spectral redback (Spider:4)
  7 polar bears
  3 trolls
  11 merfolk
  2 wind drakes
  2 blink frogs (Lair:5)
  A fire dragon zombie (Depths:2)
  11 tarantellas
  A deep troll zombie (Depths:3)
  A slime creature (D:11)
  2 snapping turtles
  2 hornets
  A jumping spider (shapeshifter) (Vaults:5)
  19 jumping spiders
  4 dream sheep
  4 water elementals
  4 culicivoras
  9 yaks
  2 spriggans (Lair:5)
  7 humans
  2 wraiths (Spider:1)
  17 redbacks
  3 vampire mosquitoes
  A swamp worm (shapeshifter) (Vaults:5)
  4 water moccasins
  12 orc warriors
  4 ogres
  7 wolves
  7 centaurs
  2 kobold brigands
  5 bullfrogs
  2 killer bees (D:9)
  2 electric eels
  2 hounds (D:8)
  6 orc priests
  5 orc wizards
  2 gnolls (D:8)
  An ufetubus (D:5)
  17 orcs
  4 kobolds
448 creatures vanquished.

Vanquished Creatures (others)
  A dread lich (Zot:5)
  A titan (Vaults:5)
  A tengu reaver (Vaults:5)
  A draconian knight (Zot:4)
  A spark wasp (Depths:3)
  2 very ugly thing zombies
  A merfolk impaler (Shoals:4)
  3 spriggan zombies
  3 Orb Guardian zombies (Zot:5)
  An ogre mage (Vaults:5)
  A tengu warrior (D:14)
  3 storm dragon zombies
  4 spark wasp zombies (Depths:4)
  A steelbarb worm (Spider:3)
  A ghost moth zombie (Spider:4)
  A deep elf pyromancer (Vaults:5)
  5 draconian zombies
  3 ugly thing zombies
  A wolf spider zombie (Spider:3)
  A fire giant zombie (Depths:3)
  A salamander (Depths:1)
  2 frost giant zombies (Depths:2)
  2 stone giant zombies
  A death scarab zombie (Spider:4)
  3 red draconian zombies
  3 white draconian zombies (Zot:1)
  2 yellow draconian zombies (Zot:1)
  2 black draconian zombies
  A purple draconian zombie (Zot:5)
  2 death yak zombies
  10 redback zombies
  A great orb of eyes zombie (Vaults:2)
  A moth of wrath zombie (Zot:5)
  4 jumping spider zombies
  An ice dragon zombie (Depths:4)
  5 tarantella zombies
  3 fire dragon zombies
  An ettin zombie (Depths:2)
  A water elemental (Shoals:3)
  A black mamba zombie (Lair:4)
  2 slime creature zombies
  A wind drake zombie (Shoals:1)
  6 deep troll zombies
  2 merfolk zombies (Shoals:4)
  5 tengu zombies
  2 cane toad zombies (Lair:4)
  12 elf zombies
  6 dream sheep zombies (Lair:5)
  A blink frog zombie (Lair:5)
  An elephant zombie (Vaults:5)
  A wolf (Lair:2)
  4 vampire mosquito zombies (D:14)
  9 yaktaur zombies
  2 warg zombies
  A komodo dragon zombie (Lair:5)
  A queen bee zombie (D:9)
  6 yak zombies
  3 polar bear zombies (IceCv)
  2 troll zombies
  7 wolf zombies
  A bullfrog zombie (Lair:3)
  9 centaur zombies
  10 human zombies
  A boggart zombie (Vaults:4)
  8 killer bee zombies (D:9)
  A kobold zombie (D:8)
  5 ogre zombies
  A howler monkey zombie (D:9)
  A jelly zombie (D:6)
  44 orc zombies
  2 foxfires (Depths:1)
240 creatures vanquished.

Grand Total: 2375 creatures vanquished

Table legend:
 A = Non-vault XP
 B = Vault XP
 C = Vault XP percentage of total XP
 D = Non-vault monster count
 E = Vault monster count
 F = Vault count percentage of total count
                 A         B        C        D         E       F
            +---------+---------+-------+---------+---------+-------
      Total |  655527 |  557476 |  46.0 |    1294 |     822 |  38.8
            +---------+---------+-------+---------+---------+-------
        D:1 |      32 |       0 |   0.0 |      21 |       0 |   0.0
        D:2 |      64 |      29 |  31.2 |      16 |       4 |  20.0
        D:3 |      44 |       0 |   0.0 |      22 |       0 |   0.0
        D:4 |     343 |     184 |  34.9 |      18 |       4 |  18.2
        D:5 |     580 |       0 |   0.0 |      17 |       0 |   0.0
        D:6 |     637 |       3 |   0.5 |      22 |       1 |   4.3
        D:7 |     870 |     596 |  40.7 |      18 |       7 |  28.0
        D:8 |    2675 |     570 |  17.6 |      24 |       5 |  17.2
        D:9 |    1704 |    3588 |  67.8 |      24 |      30 |  55.6
       D:10 |    3858 |       0 |   0.0 |      25 |       0 |   0.0
       D:11 |    4715 |     798 |  14.5 |      22 |      17 |  43.6
       D:12 |    3462 |    2732 |  44.1 |      12 |      11 |  47.8
       D:13 |    8086 |    1656 |  17.0 |      27 |       6 |  18.2
       D:14 |   12801 |   10078 |  44.0 |      24 |      32 |  57.1
       D:15 |   10776 |    5632 |  34.3 |      26 |      11 |  29.7
     Lair:1 |    4554 |       0 |   0.0 |      13 |       0 |   0.0
     Lair:2 |    4959 |    2181 |  30.5 |      20 |       5 |  20.0
     Lair:3 |    4188 |    1281 |  23.4 |      12 |       6 |  33.3
     Lair:4 |    4118 |   10307 |  71.5 |       9 |      25 |  73.5
     Lair:5 |    6366 |   18389 |  74.3 |      23 |      63 |  73.3
   Shoals:1 |   19021 |       0 |   0.0 |      39 |       0 |   0.0
   Shoals:2 |    6500 |       0 |   0.0 |      14 |       0 |   0.0
   Shoals:3 |   14110 |    1079 |   7.1 |      31 |       1 |   3.1
   Shoals:4 |   16059 |   22634 |  58.5 |      37 |      37 |  50.0
   Spider:1 |   14209 |    1549 |   9.8 |      40 |       4 |   9.1
   Spider:2 |   10127 |    2298 |  18.5 |      32 |       1 |   3.0
   Spider:3 |   20444 |       0 |   0.0 |      48 |       0 |   0.0
   Spider:4 |   16019 |   21027 |  56.8 |      33 |      44 |  57.1
      Orc:1 |    2528 |    5342 |  67.9 |      38 |      10 |  20.8
      Orc:2 |    4649 |    6470 |  58.2 |      36 |      39 |  52.0
      Elf:1 |   17881 |    7008 |  28.2 |      31 |      11 |  26.2
      Elf:2 |   16066 |    2569 |  13.8 |      28 |       4 |  12.5
      Elf:3 |   22634 |   26696 |  54.1 |      36 |      24 |  40.0
   Vaults:1 |   30605 |    2137 |   6.5 |      41 |       3 |   6.8
   Vaults:2 |   21538 |   15331 |  41.6 |      29 |      16 |  35.6
   Vaults:3 |   26941 |   19301 |  41.7 |      38 |      23 |  37.7
   Vaults:4 |   21745 |   42784 |  66.3 |      32 |      49 |  60.5
   Vaults:5 |   15766 |   93888 |  85.6 |      26 |      74 |  74.0
   Depths:1 |   34465 |    5789 |  14.4 |      41 |      11 |  21.2
   Depths:2 |   43494 |   32921 |  43.1 |      53 |      29 |  35.4
   Depths:3 |   27712 |   22593 |  44.9 |      41 |      21 |  33.9
   Depths:4 |   51650 |   12358 |  19.3 |      48 |      10 |  17.2
      Zot:1 |   43841 |       0 |   0.0 |      35 |       0 |   0.0
      Zot:2 |   24230 |   34569 |  58.8 |      19 |      49 |  72.1
      Zot:3 |       0 |    1274 | 100.0 |       0 |       1 | 100.0
      Zot:4 |   40198 |    3573 |   8.2 |      38 |       2 |   5.0
      Zot:5 |   18263 |   67041 |  78.6 |      15 |      29 |  65.9
      IceCv |       0 |   15267 | 100.0 |       0 |      52 | 100.0
     WizLab |       0 |   31500 | 100.0 |       0 |      42 | 100.0
   Gauntlet |       0 |    2454 | 100.0 |       0 |       9 | 100.0
            +---------+---------+-------+---------+---------+-------

Skill      XL: |  1  2  3  4  5  6  7  8  9 10 11 12 13 14 15 16 17 18 19 20 21 22 23 24 25 |
---------------+----------------------------------------------------------------------------+-----
Fighting       | 1 2 3 4 6 8 10 11 13 15 16 18 20 21 22 | 22.5
Necromancy     | 4 5 7 8 10 11 | 11.3
Spellcasting   | 3 6 |  6.0
Armour         | 4 7 8 14 17 19 22 | 22.2
Shields        | 5 9 15 16 17 19 21 | 21.6
Long Blades    | 6 8 9 |  9.4
Dodging        | 3 5 9 |  9.5
Earth Magic    | 2 4 |  4.6
Evocations     | 7 |  7.8
Axes           | 5 10 12 15 18 | 18.1
Transmutations | 4 |  4.0
Stealth        | |  2.1

Action                     |  1- 3 |  4- 6 |  7- 9 | 10-12 | 13-15 | 16-18 | 19-21 | 22-24 | 25-27 || total
---------------------------+-------+-------+-------+-------+-------+-------+-------+-------+-------++-------
  Melee: Dagger            |    34 |     2 |    97 |    10 |       |       |       |       |       ||   143
         Tailslap          |     2 |     6 |    27 |    53 |   234 |   313 |   398 |   473 |    48 ||  1554
         Short sword       |       |    33 |    70 |       |       |       |       |       |       ||   103
         Punch             |       |     1 |     1 |       |       |       |       |       |       ||     2
         Long sword        |       |       |     1 |   319 |  1127 |   649 |       |       |       ||  2096
         Broad axe         |       |       |       |       |       |   763 |  1627 |  1617 |   188 ||  4195
  Throw: Dart              |       |       |    11 |    13 |     1 |       |       |       |       ||    25
   Cast: Necrotise         |    67 |   104 |   124 |    16 |       |       |       |       |       ||   311
         Vampiric Draining |       |     2 |    30 |    43 |    60 |       |       |       |       ||   135
         Animate Dead      |       |       |     8 |    11 |    14 |    14 |    11 |    13 |       ||    71
         Borgnjor's Vile C |       |       |       |    21 |    51 |    24 |    12 |    22 |     2 ||   132
         Death Channel     |       |       |       |     1 |    26 |    19 |    17 |    23 |     1 ||    87
         Dispel Undead     |       |       |       |       |       |       |    12 |       |     7 ||    19
         Wereblood         |       |       |       |       |       |       |       |    13 |       ||    13
 Invoke: Curse Item        |       |       |     1 |     6 |     4 |     4 |     2 |     2 |       ||    19
         Shatter the Chain |       |       |       |       |     4 |     2 |     2 |     1 |       ||     9
  Evoke: Wand              |       |       |       |     5 |     4 |     3 |       |     3 |     1 ||    16
         Phantom mirror    |       |       |       |       |       |       |     1 |     1 |       ||     2
         Sack of spiders   |       |       |       |       |       |       |     1 |       |       ||     1
         Phial of floods   |       |       |       |       |       |       |       |     1 |       ||     1
    Use: Scroll            |       |     8 |     4 |     6 |     5 |     1 |     4 |    13 |     2 ||    43
         Potion            |       |       |     1 |       |     1 |       |     2 |     5 |    13 ||    22
   Stab: Sleeping          |     1 |       |     2 |     8 |    12 |    15 |       |       |       ||    38
         Distracted        |       |     1 |       |     3 |    15 |    30 |    14 |    34 |     4 ||   101
         Invisible         |       |       |       |       |       |       |     1 |     4 |       ||     5
 Armour: Robe              |    26 |       |       |       |       |       |       |       |       ||    26
         Leather armour    |       |    53 |   227 |   351 |    17 |       |       |       |       ||   648
         Animal skin       |       |       |       |       |   631 |   246 |       |       |       ||   877
         Crystal plate arm |       |       |       |       |       |   228 |   602 |   813 |    47 ||  1690
  Dodge: Dodged            |    17 |    30 |   146 |   177 |   379 |   163 |   115 |   203 |    21 ||  1251
  Block: Buckler           |       |       |       |    69 |   241 |       |       |       |       ||   310
         Reflection        |       |       |       |       |    22 |    91 |   112 |    36 |     1 ||   262
         Tower shield      |       |       |       |       |   655 |  1857 |  1539 |  2322 |   203 ||  6576

Illustrated notes

Table legend:
 A = Kills in this place as a percentage of kills in the entire game.
 B = Kills by you in this place as a percentage of kills by you in the entire game.
 C = Kills by friends in this place as a percentage of kills by friends in the entire game.
 D = Other kills in this place as a percentage of other kills in the entire game.
 E = Experience gained in this place as a percentage of experience gained in the entire game.
 F = Experience gained in this place divided by the number of levels of this place that you have seen.
                   A       B       C       D       E      F
               +-------+-------+-------+-------+-------+----------------------
         Total | 100.0 | 100.0 | 100.0 | 100.0 | 100.0 | 22870.1
       Dungeon |  21.7 |  24.7 |  10.5 |   9.1 |   7.7 | 6303.0
          Lair |   8.2 |   7.6 |  10.8 |   0.0 |   4.6 | 11268.6
        Shoals |   7.4 |   6.9 |   9.4 |  18.2 |   6.4 | 19850.8
   Spider Nest |   9.5 |   7.2 |  18.2 |   9.1 |   6.9 | 21418.2
  Orcish Mines |   5.8 |   4.8 |   9.4 |   0.0 |   1.5 | 9494.5
   Elven Halls |   6.3 |   7.4 |   2.0 |   0.0 |   7.5 | 30951.3
        Vaults |  15.5 |  16.2 |  12.8 |  27.3 |  23.5 | 58007.2
        Depths |  11.9 |  11.9 |  12.1 |  18.2 |  18.9 | 58298.8
           Zot |   8.9 |   7.7 |  13.0 |  18.2 |  19.0 | 46945.0
      Ice Cave |   2.4 |   2.6 |   1.8 |   0.0 |   1.2 | 15267.0
        Wizlab |   2.0 |   2.5 |   0.0 |   0.0 |   2.6 | 31500.0
      Gauntlet |   0.4 |   0.5 |   0.0 |   0.0 |   0.2 | 2454.0
               +-------+-------+-------+-------+-------+----------------------

Table legend: (Time is in decaauts)
 A = Elapsed time spent in this place.
 B = Non-inter-level travel time spent in this place.
 C = Inter-level travel time spent in this place.
 D = Time resting spent in this place.
 E = Time spent auto-exploring this place.
 F = Levels seen in this place.
 G = Mean time per level.
                   A        B        C        D        E       F      G
               +--------+--------+--------+--------+--------+-----+--------+
         Total |  58548 |  53208 |   5340 |   6979 |  33549 |  54 | 1084.2 |
       Dungeon |  17275 |  14483 |   2792 |   1674 |   9703 |  15 | 1151.7 |
        Temple |     18 |      9 |      9 |      0 |      0 |   1 |   18.0 |
          Lair |   7726 |   7096 |    630 |   1651 |   4150 |   5 | 1545.2 |
        Shoals |   4726 |   4529 |    197 |    208 |   3446 |   4 | 1181.5 |
   Spider Nest |   4652 |   4353 |    299 |    328 |   3128 |   4 | 1163.0 |
  Orcish Mines |   1433 |   1180 |    253 |      0 |    850 |   2 |  716.5 |
   Elven Halls |   3664 |   3543 |    121 |    516 |   2215 |   3 | 1221.3 |
        Vaults |   8137 |   7501 |    636 |    822 |   4796 |   5 | 1627.4 |
        Depths |   5455 |   5137 |    318 |    707 |   3316 |   4 | 1363.8 |
           Zot |   3300 |   3219 |     81 |    799 |   1042 |   5 |  660.0 |
        Bazaar |    313 |    313 |      0 |      0 |    256 |   3 |  104.3 |
      Ice Cave |   1079 |   1079 |      0 |    273 |    431 |   1 | 1079.0 |
        Wizlab |    492 |    492 |      0 |      0 |    141 |   1 |  492.0 |
      Gauntlet |    271 |    271 |      0 |      0 |     74 |   1 |  271.0 |
               +--------+--------+--------+--------+--------+-----+--------+

Top non-repeatable levels by time:
Vaults:4: 2193 daAuts
    D:15: 2016 daAuts
    D:14: 1846 daAuts
   Elf:3: 1817 daAuts
     D:8: 1773 daAuts
  Lair:5: 1741 daAuts
  Lair:3: 1720 daAuts
Depths:2: 1645 daAuts
Spider:4: 1613 daAuts
Vaults:5: 1577 daAuts
Vaults:1: 1527 daAuts
Shoals:4: 1523 daAuts
Vaults:3: 1521 daAuts
  Lair:4: 1494 daAuts
Depths:3: 1455 daAuts
